 Dungeon Crawl Stone Soup version 0.22.0-49-gab54619674 (webtiles) character file.

11056662 MeekVeins the Conqueror (level 27, 249/249 HPs)
             Began as a Mummy Wanderer on Sept 1, 2018.
             Was an Initiate of Gozag.
             Escaped with the Orb
             ... and 15 runes on Sept 3, 2018!
             The game lasted 15:43:56 (151427 turns).

MeekVeins the Conqueror (Mummy Wanderer)          Turns: 151427, Time: 15:43:56

Health: 249/249    AC: 49    Str: 20    XL:     27
Magic:  44/44      EV: 14    Int: 28    God:    Gozag
Gold:   7339       SH: 37    Dex: 13    Spells: 4/34 levels left

rFire    + + +     SeeInvis +   a - +9 demon whip (elec)
rCold    + + +     Gourm    .   j - +8 large shield {AC+3}
rNeg     + + +     Faith    .   f - +9 scales of the Dragon King {rPois rF+ rC+ MR+}
rPois    ∞         Spirit   .   l - +0 Maxwell's etheric cage {RegenMP+ *Contam rElec MP+4}
rElec    +         Reflect  +   u - scarf {rC+ rF+}
rCorr    .         Harm     .   y - +4 pair of gloves of Hopscotch {+Blink Dex+2}
MR       ++++.                  t - +1 pair of boots of the Lizard {+Fly rC+ SInv}
Stlth    ..........             z - amulet "Pama Naxi" {Reflect rElec rF++ Int+4 SH+4}
HPRegen  0.51/turn              r - ring "Qoepn" {rC+ Int+4 Slay+6} MPRegen 0.79/turn*
                                e - ring "Tauzuk" {rF+ rN+ Str-3 Int+3 Slay+5}

@: no status effects
A: no food or potions, fire vulnerability, cold resistance 1, negative energy
resistance 3, torment resistance, unbreathing, in touch with death 2
0: Orb of Zot
}: 15/15 runes: serpentine, barnacled, slimy, silver, golden, iron, obsidian,
icy, bone, abyssal, demonic, glowing, magical, fiery, dark
a: Potion Petition, Call Merchant, Bribe Branch, Renounce Religion, Evoke Blink,
Evoke Flight


You escaped.
You worshipped Gozag.
Gozag was greatly pleased with you.
You were not hungry.

You visited 18 branches of the dungeon, and saw 89 of its levels.
You visited Pandemonium 1 time, and saw 19 of its levels.
You visited the Abyss 4 times.
You completed 1 ziggurat, and saw 27 of its levels.
You also visited: Bailey and Ice Cave.

You collected 71989 gold pieces.
You spent 16102 gold pieces at shops.
You paid 48548 gold pieces to Gozag.

Inventory:

Hand Weapons
 a - a +9 demon whip of electrocution (weapon)
 b - the +11 hand crossbow of Kecaes {venom, rC+}
   (You found it on level 25 of a ziggurat)

   It poisons the ammo it fires.
   It protects you from cold.
 w - the +9 staff of Wucad Mu {channel}
   (You took it off a deep elf death mage on level 3 of the Elven Halls)
Missiles
 L - 593 bolts
 Z - 2 throwing nets (quivered)
Armour
 f - the +9 scales of the Dragon King (worn) {rPois rF+ rC+ MR+}
   (You found it on level 21 of a ziggurat)

   It protects you from fire.
   It protects you from cold.
   It protects you from poison.
   It affects your resistance to hostile enchantments.
 j - a +8 large shield of protection (worn)
 l - the +0 Maxwell's etheric cage (worn) {RegenMP+ *Contam rElec MP+4}
   (You found it on level 22 of a ziggurat)

   It insulates you from electricity.
   It affects your magic capacity (+4).
   It causes magical contamination when unequipped.
 t - the +1 pair of boots of the Lizard (worn) {+Fly rC+ SInv}
   (You bought it in a shop on level 4 of the Depths)

   It protects you from cold.
   It lets you see invisible.
   It lets you fly.
 u - a scarf of resistance (worn)
 x - the +9 ring mail of the Nexus {Regen+ Str+4 Dex-4 SInv}
   (You found it on level 13 of the Dungeon)

   It affects your strength (+4).
   It affects your dexterity (-4).
   It lets you see invisible.
   It increases your rate of regeneration.
 y - the +4 pair of gloves of Hopscotch (worn) {+Blink Dex+2}
   (You acquired it on level 4 of the Depths)

   It affects your dexterity (+2).
   It lets you blink.
 C - a +2 helmet of intelligence
Jewellery
 e - the ring "Tauzuk" (right hand) {rF+ rN+ Str-3 Int+3 Slay+5}
   (You found it on level 3 of the Crypt)

   [ring of positive energy]

   It affects your strength (-3).
   It affects your intelligence (+3).
   It affects your accuracy and damage with ranged weapons and melee attacks
   (+5).
   It protects you from fire.
   It protects you from negative energy.
 o - the ring "Boenole" {*Corrode MR+ AC+3 Int+2 Dex+5}
   (You took it off a deep elf annihilator on level 3 of the Elven Halls)

   [ring of protection]

   It affects your AC (+3).
   It affects your intelligence (+2).
   It affects your dexterity (+5).
   It affects your resistance to hostile enchantments.
   It may corrode you when you take damage.
 r - the ring "Qoepn" (left hand) {rC+ Int+4 Slay+6}
   (You found it on level 18 of a ziggurat)

   [ring of protection from cold]

   It affects your intelligence (+4).
   It affects your accuracy and damage with ranged weapons and melee attacks
   (+6).
   It protects you from cold.
 s - the amulet of Xygomoil {Reflect rElec Str+4 Slay+2 SH+3 SInv}
   (You found it on level 22 of a ziggurat)

   [amulet of reflection]

   It shields you and reflects attacks.
   It affects your strength (+4).
   It affects your accuracy and damage with ranged weapons and melee attacks
   (+2).
   It insulates you from electricity.
   It lets you see invisible.
   It affects your SH (+3).
 z - the amulet "Pama Naxi" (around neck) {Reflect rElec rF++ Int+4 SH+4}
   (You found it on level 9 of the Dungeon)

   [amulet of reflection]

   It shields you and reflects attacks.
   It affects your intelligence (+4).
   It greatly protects you from fire.
   It insulates you from electricity.
   It affects your SH (+4).
 K - the amulet "Pove" {Reflect *Contam rPois Slay+6 SH+5 Stlth+}
   (You found it on level 3 of the Tomb of the Ancients)

   [amulet of reflection]

   It shields you and reflects attacks.
   It affects your accuracy and damage with ranged weapons and melee attacks
   (+6).
   It protects you from poison.
   It causes magical contamination when unequipped.
   It affects your SH (+5).
   It makes you more stealthy.
Wands
 d - a wand of polymorph (35)
 q - a wand of disintegration (134)
 A - a wand of acid (33)
 D - a wand of digging (36)
 E - a wand of enslavement (12)
 I - a wand of iceblast (44)
 O - a wand of clouds (4)
 P - a wand of paralysis (33)
 V - a wand of flame (71)
Scrolls
 g - 3 scrolls of summoning
 h - 3 scrolls of torment
 i - 2 scrolls of immolation
 m - 12 scrolls of fear
 v - 17 scrolls of enchant armour
 B - 22 scrolls of blinking
 F - 4 scrolls of silence
 G - 8 scrolls of vulnerability
 H - 16 scrolls of fog
 M - 5 scrolls of magic mapping
 N - 54 scrolls of remove curse
 Q - 3 scrolls of enchant weapon
 T - 40 scrolls of teleportation
Miscellaneous
 k - 2 +1 figurines of a ziggurat
 p - 11 phantom mirrors
 J - a lightning rod (4/4)
 W - 3 sacks of spiders
 X - a phial of floods
 Y - a lamp of fire


   Skills:
 O Level 27 Fighting
   Level 1.0(13.6) Axes
 - Level 20.0 Maces & Flails
 - Level 12.0 Crossbows
 - Level 1.0 Throwing
 + Level 25.2 Armour
 - Level 22.1 Dodging
 - Level 25.0 Shields
 - Level 4.0 Spellcasting
 - Level 1.1 Charms
 - Level 1.0 Summonings
 - Level 20.0 Necromancy
 - Level 15.0 Translocations
   Level 1.0 Ice Magic
 - Level 14.0 Earth Magic
 O Level 27 Evocations


You had 4 spell levels left.
You knew the following spells:

 Your Spells              Type           Power        Failure   Level  Hunger
a - Infusion              Chrm           ##..         54%         1    N/A
b - Leda's Liquefaction   Hex/Erth       #####.....   50%         4    N/A
c - Borgnjor's Vile Clut  Necr/Erth      ########..   2%          5    N/A
d - Passwall              Tmut/Erth      #####...     9%          2    N/A
e - Lesser Beckoning      Tloc           ######....   1%          3    N/A
f - Summon Butterflies    Summ           ##......     54%         1    N/A
g - Passage of Golubria   Tloc           N/A          1%          4    N/A
h - Swiftness             Chrm/Air       #.......     75%         2    N/A
o - Apportation           Tloc           ######       1%          1    N/A
u - Dispel Undead         Necr           ########     1%          5    N/A
B - Blink                 Tloc           N/A          1%          2    N/A

Your spell library contained the following spells:

 Spells                   Type           Power        Failure   Level  Hunger
 Animate Skeleton         Necr           N/A          1%          1    N/A
 Pain                     Necr           ####         1%          1    N/A
 Sandblast                Erth           ######       1%          1    N/A
 Corpse Rot               Necr           N/A          1%          2    N/A
 Gell's Gravitas          Tloc           ######....   1%          3    N/A
 Teleport Other           Tloc           ######..     1%          3    N/A
 Vampiric Draining        Necr           ########..   1%          3    N/A
 Animate Dead             Necr           N/A          1%          4    N/A
 Shroud of Golubria       Chrm/Tloc      ######....   5%          2    N/A
 Recall                   Summ/Tloc      N/A          11%         3    N/A
 Portal Projectile        Hex/Tloc       #####.       14%         3    N/A
 Stone Arrow              Conj/Erth      #####.       17%         3    N/A
 Force Lance              Conj/Tloc      #####...     41%         4    N/A
 Petrify                  Tmut/Erth      #####...     50%         4    N/A
 Freeze                   Ice            ##..         54%         1    N/A
 Summon Small Mammal      Summ           ##..         54%         1    N/A
 Song of Slaying          Chrm           ##......     67%         2    N/A
 Confusing Touch          Hex            #.....       69%         1    N/A
 Corona                   Hex            #......      69%         1    N/A
 Flame Tongue             Conj/Fire      #....        69%         1    N/A
 Magic Dart               Conj           #...         69%         1    N/A
 Shock                    Conj/Air       #...         69%         1    N/A
 Sting                    Conj/Pois      #...         69%         1    N/A
 Call Imp                 Summ           ##......     69%         2    N/A
 Ensorcelled Hibernation  Hex/Ice        #.....       77%         2    N/A
 Throw Frost              Conj/Ice       #.....       77%         2    N/A
 Poisonous Vapours        Pois/Air       #.....       83%         2    N/A
 Searing Ray              Conj           #.....       83%         2    N/A
 Slow                     Hex            #.......     83%         2    N/A
 Sticks to Snakes         Tmut           #.......     83%         2    N/A
 Throw Flame              Conj/Fire      #.....       83%         2    N/A
 Ozocubu's Armour         Chrm/Ice       ##......     88%         3    N/A
 Call Canine Familiar     Summ           ##......     89%         3    N/A
 Spectral Weapon          Hex/Chrm       #.......     93%         3    N/A
 Summon Guardian Golem    Hex/Summ       #.......     94%         3    N/A
 Confuse                  Hex            #.......     96%         3    N/A
 Conjure Flame            Conj/Fire      #.......     96%         3    N/A
 Dazzling Spray           Conj/Hex       #.....       96%         3    N/A
 Ignite Poison            Fire/Tmut/Pois #.......     96%         3    N/A
 Inner Flame              Hex/Fire       #.......     96%         3    N/A
 Mephitic Cloud           Conj/Pois/Air  #.......     96%         3    N/A
 Static Discharge         Conj/Air       #.......     96%         3    N/A
 Tukima's Dance           Hex            #.......     96%         3    N/A
 Airstrike                Air            #.........   100%        4    N/A
 Cause Fear               Hex            #.........   100%        4    N/A
 Fulminant Prism          Conj/Hex       #.........   100%        4    N/A
 Iskenderun's Mystic Bla  Conj           #.......     100%        4    N/A
 Olgreb's Toxic Radiance  Pois           #.......     100%        4    N/A
 Sticky Flame             Conj/Fire      #.......     100%        4    N/A
 Summon Ice Beast         Ice/Summ       ##......     100%        4    N/A
 Summon Lightning Spire   Summ/Air       #.......     100%        4    N/A
 Throw Icicle             Conj/Ice       #.......     100%        4    N/A
 Agony                    Necr           ########     1%          5    N/A
 Death Channel            Necr           ########..   4%          6    N/A
 Lee's Rapid Deconstruct  Erth           ######....   9%          5    N/A
 Dispersal                Tloc           ######....   32%         6    N/A
 Excruciating Wounds      Chrm/Necr      #######...   34%         5    N/A
 Bolt of Draining         Conj/Necr      #######...   41%         5    N/A
 Summon Forest            Summ/Tloc      ######....   71%         5    N/A
 Simulacrum               Ice/Necr       #######...   90%         6    N/A
 Bolt of Magma            Conj/Fire/Erth ####......   99%         5    N/A
 Alistair's Intoxication  Tmut/Pois      #.......     100%        5    N/A
 Aura of Abjuration       Summ           ##........   100%        5    N/A
 Fireball                 Conj/Fire      #.........   100%        5    N/A
 Irradiate                Conj/Tmut      #.........   100%        5    N/A
 Iskenderun's Battlesphe  Conj/Chrm      #.......     100%        5    N/A
 Lightning Bolt           Conj/Air       #.........   100%        5    N/A
 Metabolic Englaciation   Hex/Ice        #.........   100%        5    N/A
 Silence                  Hex/Air        #.........   100%        5    N/A
 Summon Demon             Summ           ##........   100%        5    N/A
 Summon Mana Viper        Hex/Summ       #.......     100%        5    N/A
 Venom Bolt               Conj/Pois      #.........   100%        5    N/A
 Yara's Violent Unravell  Hex/Tmut       #.........   100%        5    N/A
 Bolt of Cold             Conj/Ice       #.........   100%        6    N/A
 Bolt of Fire             Conj/Fire      #.........   100%        6    N/A
 Conjure Ball Lightning   Conj/Air       #.........   100%        6    N/A
 Darkness                 Hex            #.........   100%        6    N/A
 Deflect Missiles         Chrm/Air       #.........   100%        6    N/A
 Freezing Cloud           Conj/Ice/Air   #.........   100%        6    N/A
 Invisibility             Hex            #.......     100%        6    N/A
 Iron Shot                Conj/Erth      #####.....   100%        6    N/A
 Ozocubu's Refrigeration  Ice            ##........   100%        6    N/A
 Poison Arrow             Conj/Pois      #.........   100%        6    N/A
 Shadow Creatures         Summ           N/A          100%        6    N/A
 Malign Gateway           Summ/Tloc      ######....   100%        7    N/A
 Monstrous Menagerie      Summ           ##........   100%        7    N/A
 Orb of Destruction       Conj           #.........   100%        7    N/A
 Ring of Flames           Chrm/Fire      #.........   100%        7    N/A
 Spellforged Servitor     Conj/Summ      #.........   100%        7    N/A
 Summon Greater Demon     Summ           ##........   100%        7    N/A
 Summon Hydra             Summ           ##........   100%        7    N/A
 Chain Lightning          Conj/Air       #.........   100%        8    N/A
 Controlled Blink         Tloc           N/A          100%        8    N/A
 Discord                  Hex            #.........   100%        8    N/A
 Disjunction              Tloc           ######....   100%        8    N/A
 Lehudib's Crystal Spear  Conj/Erth      #####.....   100%        8    N/A
 Summon Horrible Things   Summ           ##........   100%        8    N/A
 Dragon's Call            Summ           ##........   100%        9    N/A
 Fire Storm               Conj/Fire      #.........   100%        9    N/A
 Glaciate                 Conj/Ice       #.........   100%        9    N/A
 Shatter                  Erth           ######....   100%        9    N/A
 Tornado                  Air            #.........   100%        9    N/A
 Sublimation of Blood     Necr           Unusable     N/A         2    N/A
 Regeneration             Chrm/Necr      Unusable     N/A         3    N/A
 Beastly Appendage        Tmut           Unusable     N/A         1    N/A
 Spider Form              Tmut/Pois      Unusable     N/A         3    N/A
 Ice Form                 Ice/Tmut       Unusable     N/A         4    N/A
 Blade Hands              Tmut           Unusable     N/A         5    N/A
 Hydra Form               Tmut           Unusable     N/A         6    N/A
 Statue Form              Tmut/Erth      Unusable     N/A         6    N/A
 Dragon Form              Tmut           Unusable     N/A         7    N/A
 Death's Door             Chrm/Necr      Unusable     N/A         8    N/A

Dungeon Overview and Level Annotations

Branches:
Dungeon (15/15)            Temple (1/1) D:6            Lair (6/6) D:9
 Shoals (4/4) Lair:4        Snake (4/4) Lair:2        Slime (5/5) Lair:6
    Orc (2/2) D:9             Elf (3/3) Orc:2        Vaults (5/5) D:14
  Crypt (3/3) Vaults:2       Tomb (3/3) Crypt:3      Depths (5/5) D:15
   Hell (1/1)                 Dis (7/7) Hell            Geh (7/7) Hell
    Coc (7/7) Hell            Tar (7/7) Hell            Zot (5/5) Depths:5

Altars:
Cheibriados
Dithmenos
Fedhas
Gozag
Hepliaklqana
Kikubaaqudgha
Makhleb
Nemelex Xobeh
Okawaru
Qazlal
Ru
Uskayaw
Vehumet
Xom
Yredelemnul
Zin
The Shining One
Jiyva

Shops:
D:6 [   D:7 }   D:9 (   D:10 }   D:15 }[[   Orc:1 ?   Orc:2 [*(:   Shoals:2 }
Shoals:3 *   Snake:1 =}=   Snake:3 %   Vaults:4 (:!?   Hell ?[*[[
Depths:1 }[}   Depths:4 [!(}[   Depths:5 [

Portals:
Hell: Depths:1 Depths:2 Depths:3 Depths:4 Depths:5
Abyss: Depths:4
Pandemonium: Depths:3

Annotations:
D:15 exclusion: 2 doors
Lair:5 exclusion: downstairs
Elf:2 2 runed doors
Depths:3 1 runed door, Xetyatez's ghost, adept DsFi
Depths:5 exclusion: 4 doors
Coc:7 exclusion: ice statue


Innate Abilities, Weirdness & Mutations

You do not eat or drink.
Your flesh is vulnerable to fire.
You are immune to poison.
Your flesh is cold resistant. (rC+)
You are immune to negative energy. (rN+++)
You are immune to unholy pain and torment.
You can survive without breathing.
You are strongly in touch with the powers of death.


Message History

The now-empty box falls apart.
Evoke which item? (* to show all) (? for menu, Esc to quit)
You open the lid... ...and a primal batox beast flies out!
The now-empty box falls apart.
No previous command to re-do.
No previous command to re-do.
(D) Dungeon (T) Temple (L) Lair (A) Shoals (P) Snake Pit (M) Slime Pits (O) Orcish Mines (E) Elven Halls (V) Vaults (C) Crypt (W) Tomb (U) Depths (H) Hell (I) Dis (G) Gehenna (X) Cocytus (Y) Tartarus (Z) Zot
Where to? (Enter - D:1 @ (x,y), ? - help)
Okay, then.
Evoke which item? (* to show all) (? for menu, Esc to quit)
You reach into the bag... ...and things crawl out!
Evoke which item? (* to show all) (? for menu, Esc to quit)
You reach into the bag... ...but nothing happens.
Evoke which item? (* to show all) (? for menu, Esc to quit)
You reach into the bag... ...but nothing happens.
You have escaped!

#..#....................####..![#
#...........#.#.##..............#
#................#.#..#######...#
#....######.#.####.#.............
#....#......#......##.#.......###
#.......#############.+.......'..
##...#..#.....HHHs# ###.......###
.....#..#...###HHH# #.####....#
.....#..'...#.#H@H# #.# #....#
.###.#..#...###HHH# #.# #....#
..##.####.....sHHs# #.# #....#
..##....########### #.#######.#
......#.# #....# #.# ......#.#
#....# #.# ......#.# #....####.#
#.####### #.........# #.#
###########


You could see 13 friendly mutant beasts, a friendly wolf spider and 2 friendly
jumping spiders.

Vanquished Creatures
  Cerebov (Pan)
  Antaeus (Coc:7)
  the Royal Jelly (Slime:5)
  Gloorx Vloq (Pan)
  Mnoleg (Pan)
  the Serpent of Hell (Coc:7)
  Lom Lobon (Pan)
  19 ancient liches
  5 orbs of fire
  Dispater (Dis:7)
  4 juggernauts
  29 greater mummies
  10 shard shrikes
  Geryon (Hell)
  Saint Roka (Depths:5)
  5 curse toes
  14 caustic shrikes
  15 golden dragons
  5 Killer Klowns
  4 profane servitors
  20 bone dragons
  Jory (Tomb:1)
  20 Brimstone Fiends
  29 Tzitzimimeh
  An electric golem (Zot:5)
  5 doom hounds
  3 iron giants
  9 hellephants
  14 liches
  28 tentacled monstrosities
  16 Orb Guardians
  A quicksilver dragon (shapeshifter) (Zig:17)
  23 Ice Fiends
  A shard shrike skeleton (Crypt:2)
  8 Hell Sentinels
  21 pandemonium lords
  5 titans
  18 tentacled starspawn
  13 quicksilver dragons
  3 deep elf blademasters
  32 Executioners
  A deep elf master archer (Elf:3)
  8 acid blobs
  17 ancient champions
  An acid blob (shapeshifter) (Zig:22)
  2 eldritch tentacles
  Polyphemus (Shoals:2)
  16 sphinxes
  8 death cobs
  8 warmongers
  3 shadow dragons (shapeshifter)
  Donald (Crypt:2)
  19 storm dragons
  5 draconian monks
  22 shadow dragons
  49 nagarajas
  2 azure jellies
  9 tengu reavers
  7 revenants
  21 frost giants
  19 fire giants
  4 orc warlords (Zig:13)
  2 azure jellies (shapeshifter)
  11 deep elf sorcerers
  8 draconian scorchers
  A ghost moth (shapeshifter) (Zig:22)
  4 iron dragons
  9 emperor scorpions
  27 ghost moths
  9 draconian shifters
  5 deep elf elementalists
  6 draconian knights
  35 balrugs
  A caustic shrike zombie (Zig:11)
  3 curse skulls
  16 ghouls
  2 elemental wellsprings
  21 cacodemons
  12 vault wardens
  A juggernaut zombie (Zig:11)
  8 draconian stormcallers
  37 very ugly things
  12 draconian annihilators
  83 reapers
  An angel (Abyss:2)
  11 entropy weavers
  17 ironheart preservers
  A spriggan defender (Depths:4)
  7 blood saints (Pan)
  4 green draconians
  7 corrupters
  14 bennus
  23 stone giants
  14 black suns
  2 caustic shrike skeletons
  13 war gargoyles
  13 vampire knights
  A stone giant (shapeshifter) (Zig:22)
  7 yellow draconians
  8 red draconians
  42 starcursed masses
  18 lorocyprocas
  Nessos (Lair:6)
  10 white draconians
  12 purple draconians
  13 deep elf demonologists
  14 black draconians
  9 deep elf annihilators
  3 dire elephants (shapeshifter)
  16 spark wasps
  10 dire elephants
  40 blizzard demons
  15 ettins
  3 death oozes (Slime:5)
  13 fire dragons
  13 green deaths
  An ettin (shapeshifter) (Zig:17)
  34 mummy priests
  Snorg (Lair:4)
  3 merfolk javelineers (Shoals:4)
  14 deep elf death magi
  8 merfolk impalers
  18 jiangshi
  5 deep elf high priests
  A kraken zombie (Coc:4)
  22 yaktaur captains
  6 eidola
  7 quicksilver dragon zombies
  10 quicksilver dragon skeletons
  36 ice dragons
  11 rakshasas
  7 monstrous demonspawn
  8 centaur warriors
  13 great orbs of eyes
  4 spriggan air magi
  A ghost crab (Tar:1)
  26 vault guards
  8 hell beasts
  8 anacondas
  17 naga warriors
  2 juggernaut simulacra (Pan)
  A satyr (Shoals:2)
  6 catoblepae
  16 hydras
  2 alligator snapping turtles
  An alligator snapping turtle (shapeshifter) (Vaults:5)
  8 merfolk aquamancers
  5 merfolk avatars
  3 death knights
  12 deep troll earth magi
  13 deep troll shamans
  4 death yaks
  18 ogre magi
  2 tengu warriors
  5 titan zombies
  11 death scarabs
  47 hell hogs
  31 two-headed ogres
  20 naga sharpshooters
  4 spriggan berserkers
  6 orc high priests
  10 storm dragon zombies
  18 thrashing horrors
  52 sun demons
  Urug (Orc:1)
  11 vampire magi
  12 shock serpents
  2 fire crabs (shapeshifter)
  53 soul eaters
  27 deep elf knights
  8 titan skeletons
  111 skeletal warriors
  6 salamander mystics
  4 ghost moth zombies
  79 hell knights
  7 iron trolls
  17 wretched stars
  27 sixfirhies
  2 spark wasp zombies
  5 storm dragon skeletons
  A sea snake (shapeshifter) (Zig:17)
  A death drake (shapeshifter) (Vaults:4)
  6 torturous demonspawn
  33 shadow wraiths
  34 deep trolls
  19 flayed ghosts
  6 spatial maelstroms
  An unseen horror (shapeshifter) (Depths:2)
  5 unseen horrors
  23 shadow demons
  3 death drakes
  2 quicksilver dragon simulacra (Depths:5)
  2 kraken simulacra (Coc:7)
  5 golden dragon zombies
  17 deep elf archers
  20 sea snakes
  14 anaconda zombies
  13 wizards
  2 glowing orange brains (shapeshifter)
  5 gelid demonspawn (Pan)
  12 glowing orange brains
  Pikel (D:4)
  23 phantasmal warriors
  A shambling mangrove (Zig:2)
  7 naga ritualists
  6 infernal demonspawn
  An orange crystal statue (Zot:5)
  23 ironbrand convokers
  14 orb spiders
  5 golden dragon skeletons
  A lindwurm (Zig:24)
  5 shadow dragon zombies
  18 harpies
  15 orc knights
  4 wolf spider zombies
  7 frost giant zombies
  21 wolf spiders
  An orb spider (shapeshifter) (Elf:2)
  14 mana vipers
  An obsidian statue (Zot:5)
  4 anaconda skeletons
  29 necromancers
  9 orc sorcerers
  4 shadow dragon skeletons
  3 shining eyes
  4 oklob plants (Zig:11)
  8 iron dragon zombies
  47 ugly things
  A shining eye (shapeshifter) (Vaults:5)
  17 manticores
  88 deep elf magi
  8 stone giant zombies
  10 cyclopes
  7 fire giant zombies
  16 salamanders
  7 worldbinders
  A faun (shapeshifter) (Zig:12)
  A shock serpent zombie (Dis:3)
  12 elephants
  A moth of wrath (shapeshifter) (Zig:18)
  5 frost giant skeletons
  5 iron dragon skeletons
  5 fauns
  4 eyes of devastation
  6 fire giant skeletons
  2 guardian serpents (shapeshifter)
  9 merfolk sirens
  12 guardian serpents
  39 naga magi
  An elephant (shapeshifter) (Zig:18)
  28 orange demons
  8 titan simulacra (Coc:7)
  43 rust devils
  30 moths of wrath
  A torpor snail (shapeshifter) (Vaults:3)
  6 water nymphs
  53 black mambas
  9 apocalypse crabs
  9 stone giant skeletons
  2 spectral elves (Zig:14)
  7 dire elephant zombies
  13 molten gargoyles
  10 ice statues
  Psyche (D:8)
  18 vault sentinels
  51 smoke demons
  2 gargoyles (D:12)
  5 torpor snails
  24 spiny frogs
  A shock serpent skeleton (Geh:7)
  7 storm dragon simulacra
  A spiny frog (shapeshifter) (Abyss:4)
  41 hellions
  9 rime drakes
  A yaktaur zombie (Hell)
  5 emperor scorpion zombies
  A rime drake (shapeshifter) (Vaults:5)
  5 spriggan zombies
  2 spriggan skeletons
  16 ancient zymes
  3 dire elephant skeletons
  31 freezing wraiths
  33 yaktaurs
  4 anaconda simulacra (Coc:7)
  22 efreet
  9 komodo dragons
  8 swamp worm zombies (Crypt:1)
  62 ice devils
  25 demonic crawlers
  57 red devils
  45 tormentors
  34 hellwings
  A spectral glowing shapeshifter (Zig:14)
  5 harpy zombies
  A ghost moth simulacrum (Coc:7)
  3 catoblepas skeletons
  A queen bee (Lair:3)
  A white draconian skeleton (Crypt:3)
  67 guardian mummies
  A merfolk (shapeshifter) (Zig:3)
  17 polar bears
  3 tengu conjurers
  7 silent spectres
  6 trolls
  A death yak skeleton (Crypt:2)
  9 hornets
  22 hydra zombies
  25 merfolk
  A shadow dragon simulacrum (Coc:7)
  A polar bear (shapeshifter) (Vaults:4)
  17 jumping spiders
  4 harpy skeletons
  2 queen bees (shapeshifter)
  3 wind drakes
  A meliai (shapeshifter) (Abyss:3)
  A tengu simulacrum (Depths:3)
  16 blink frogs
  48 raiju
  6 snapping turtles
  2 wind drakes (shapeshifter)
  15 hippogriffs
  8 fire dragon zombies
  8 alligator zombies
  13 dream sheep
  A sphinx simulacrum (Depths:2)
  A slime creature (shapeshifter) (Zig:22)
  10 hydra skeletons
  2 meliai zombies
  5 ice dragon zombies
  11 bog bodies
  58 slime creatures
  13 ettin zombies
  3 iron dragon simulacra
  16 redbacks
  3 black mamba zombies
  11 fire dragon skeletons
  40 wraiths
  6 ice dragon skeletons
  8 ettin skeletons
  2 alligator skeletons
  31 shadows
  34 water elementals
  A spriggan (shapeshifter) (Zig:17)
  2 spriggans (Depths:2)
  41 yaks
  165 flying skulls
  6 air elementals
  12 tarantellas
  2 wyverns
  11 ushabtiu
  A vampire (Abyss:2)
  26 fire elementals
  5 fire bats
  5 hungry ghosts
  A tarantella (shapeshifter) (Vaults:4)
  18 ynoxinuls
  3 basilisks (shapeshifter)
  6 basilisks
  2 yaks (shapeshifter)
  7 golden eyes
  17 chaos spawn
  A steam dragon (D:12)
  5 vampire mosquitoes
  73 large abominations
  20 humans (D:14)
  38 small abominations
  30 neqoxecs
  Menkaure (D:6)
  An elf skeleton (Zig:8)
  5 spatial vortices
  An insubstantial wisp (Abyss:4)
  A warg (shapeshifter) (Depths:2)
  57 nagas
  A swamp worm (shapeshifter) (Zig:17)
  2 deep troll zombies
  An emperor scorpion simulacrum (Coc:6)
  2 soldier ants
  15 wargs
  6 hydra simulacra (Coc:7)
  A floating eye (shapeshifter) (Zig:3)
  20 water moccasins
  An acid dragon (Zot:4)
  11 porcupines
  12 spiny frog zombies
  2 merfolk skeletons
  2 floating eyes
  67 hell hounds
  A torturous demonspawn skeleton (Crypt:3)
  11 ice beasts
  4 sky beasts
  3 manticore zombies
  A sky beast (shapeshifter) (Abyss:2)
  A swamp drake (Lair:4)
  2 black bears
  A hornet zombie (Crypt:1)
  2 spiny frog skeletons
  3 snapping turtle zombies
  2 alligator simulacra
  A fire dragon simulacrum (Crypt:3)
  53 orc warriors
  10 ettin simulacra
  24 necrophages
  29 ogres
  8 phantoms
  13 wolves
  A boggart (Depths:4)
  3 eyes of draining
  A swamp dragon zombie (Crypt:3)
  A tengu (shapeshifter) (Depths:2)
  8 centaurs
  4 manticore skeletons
  An elephant skeleton (Crypt:2)
  6 snapping turtle skeletons
  36 crocodiles
  2 swamp dragon skeletons
  A rime drake skeleton (Crypt:3)
  2 big kobolds
  2 elf zombies
  25 bullfrogs
  A wyvern zombie (D:13)
  A glowing shapeshifter simulacrum (Depths:3)
  5 earth elementals
  A water moccasin zombie (Crypt:1)
  4 scorpions
  39 killer bees
  An orc simulacrum (Vaults:1)
  4 tengu zombies
  A manticore simulacrum (Abyss:2)
  A swamp dragon simulacrum (Coc:6)
  70 wights
  3 howler monkeys
  2 troll skeletons
  3 electric eels
  A lava snake (D:7)
  10 crimson imps
  2 human simulacra (Vaults:2)
  5 quasits
  7 centaur zombies
  9 jellies
  22 orc priests
  A gnoll shaman (D:6)
  5 bullfrog skeletons
  4 centaur skeletons
  A human zombie (Tar:4)
  6 hounds
  27 orc wizards
  16 iron imps
  10 iguanas
  A human skeleton (Geh:7)
  5 hell rats (Hell)
  8 worker ants
  2 naga zombies
  2 big kobold zombies
  A dwarf zombie (Crypt:3)
  A naga skeleton (Crypt:1)
  An ogre skeleton (Geh:7)
  A tengu skeleton (Coc:4)
  A felid skeleton (Crypt:2)
  A hound zombie (D:10)
  2 hound skeletons
  64 mummies
  A howler monkey zombie (D:5)
  A worker ant zombie (D:10)
  Robin (D:3)
  14 gnolls
  A howler monkey skeleton (Crypt:1)
  20 adders
  14 shadow imps
  24 white imps
  5 ufetubi
  2 oozes (D:1)
  An adder zombie (D:9)
  2 adder skeletons (D:5)
  A halfling skeleton (Crypt:3)
  A worm (D:2)
  4 ball lightnings (Pan)
  A barachi zombie (Crypt:1)
  2 dart slugs
  14 leopard geckos
  90 orcs
  3 giant cockroaches
  15 goblins
  15 hobgoblins
  5 jackals
  8 quokkas
  2 ball pythons
  8 bats
  A dart slug zombie (Crypt:3)
  12 frilled lizards
  33 kobolds
  A kobold zombie (Crypt:2)
  A leopard gecko skeleton (D:5)
  A quokka skeleton (Crypt:2)
  9 rats
  A river rat skeleton (Crypt:1)
  2 spectral orcs
  A bush (Zig:27)
  4 fire vortices
  A plant (Zig:11)
  15 starspawn tentacles
  3 tentacles
5971 creatures vanquished.

Vanquished Creatures (collateral kills)
  Asmodeus (Geh:7)
  Ereshkigal (Tar:7)
  2 ancient liches
  Mennas (Crypt:2)
  2 juggernauts (Zig:13)
  3 Killer Klowns
  A golden dragon (Zig:18)
  A bone dragon (Abyss:2)
  A Brimstone Fiend (Pan)
  6 Hell Sentinels
  A deep elf blademaster (Zig:12)
  3 Orb Guardians (Zot:5)
  4 acid blobs (Slime:5)
  A titan (Zig:21)
  2 pandemonium lords
  An ancient champion (Dis:7)
  An Executioner (Pan)
  A shadow dragon (Vaults:5)
  A tengu reaver (Vaults:5)
  A daeva (Abyss:4)
  An iron dragon (Vaults:5)
  An azure jelly (shapeshifter) (Zig:22)
  2 corrupters
  2 cacodemons (Pan)
  2 emperor scorpions
  3 warmongers
  2 ironheart preservers (Vaults:5)
  A draconian shifter (Zig:16)
  2 draconian annihilators (Zig:23)
  A reaper (Zig:27)
  A blood saint (Zig:27)
  3 entropy weavers
  2 vampire knights (Crypt:2)
  2 very ugly things (Zig:17)
  5 spark wasps
  5 blizzard demons (Pan)
  2 ettins
  2 green deaths (Zig:27)
  An ettin (shapeshifter) (Zig:17)
  A yaktaur captain (Zig:7)
  2 deep elf high priests (Vaults:5)
  A great orb of eyes (Zig:21)
  4 vault guards
  A hell beast (Zot:5)
  A merfolk aquamancer (Zig:23)
  An ogre mage (Zig:18)
  A dancing weapon (Zig:12)
  A two-headed ogre (Zig:13)
  A naga sharpshooter (Zig:19)
  2 shock serpents
  A hell knight (Dis:7)
  A wretched star (Abyss:2)
  2 deep trolls (Vaults:5)
  A shadow demon (Tar:7)
  2 naga ritualists (Zig:19)
  2 orc knights
  An ironbrand convoker (Zig:6)
  A deep elf archer (Zig:12)
  A phantasmal warrior (Zig:7)
  A wizard (Zig:23)
  10 wolf spiders
  A mana viper (shapeshifter) (Zig:12)
  5 orb spiders
  A faun (shapeshifter) (Zig:6)
  A deep elf mage (Zig:12)
  2 moths of wrath (Zig:26)
  An ugly thing (Vaults:5)
  A guardian serpent (shapeshifter) (Vaults:5)
  A guardian serpent (Zig:19)
  A rust devil (Abyss:4)
  2 naga magi (Zig:19)
  A water nymph (shapeshifter) (Vaults:5)
  A torpor snail (Zig:26)
  3 vault sentinels
  A black mamba (Zig:25)
  2 smoke demons (Pan)
  2 orange demons
  A yaktaur (Zig:7)
  An ice devil (Pan)
  2 hellwings (Zig:27)
  9 demonic crawlers
  A tormentor (Zig:27)
  2 red devils
  8 jumping spiders
  A hornet (Zig:26)
  3 slime creatures (Slime:5)
  A shadow (Tar:7)
  A redback (Zig:9)
  3 large abominations
  A tarantella (Zig:10)
  A fire elemental (Zig:12)
  A small abomination (Abyss:4)
  3 neqoxecs (Pan)
  A water moccasin (shapeshifter) (Vaults:5)
  3 hell hounds (Dis:7)
  An orc warrior (Zig:13)
  2 ogres
  A tengu (shapeshifter) (Zig:17)
  An earth elemental (Zig:12)
  A lightning spire (Zig:7)
  A fire vortex (Zig:17)
  A starspawn tentacle (Zig:16)
191 creatures vanquished.

Vanquished Creatures (others)
  2 ancient liches (Zot:5)
  3 pandemonium lords
  2 Killer Klowns (Zig:22)
  A lich (Tomb:1)
  4 Orb Guardians (Zot:5)
  A deep elf master archer (Elf:3)
  2 ancient champions (Tomb:2)
  A titan (Vaults:5)
  4 eldritch tentacles
  A fire giant (Depths:4)
  An orc warlord (Zig:13)
  2 vault wardens (Vaults:5)
  A ghost moth (Zig:26)
  A warmonger (Pan)
  A cacodemon (Pan)
  2 elemental wellsprings
  3 ironheart preservers (Vaults:5)
  A very ugly thing (Zig:17)
  A war gargoyle (Vaults:5)
  A stone giant (Vaults:5)
  2 entropy weavers
  A deep elf demonologist (Zig:12)
  A deep elf annihilator (Elf:3)
  A lorocyproca (Hell)
  A merfolk javelineer (Shoals:4)
  An ettin (Vaults:5)
  3 two-headed ogres (Vaults:5)
  An ogre mage (Vaults:5)
  A great orb of eyes (Zig:18)
  4 vault guards (Vaults:5)
  26 dancing weapons
  A merfolk aquamancer (Shoals:4)
  15 death scarabs (Tomb:2)
  2 satyrs (Shoals:4)
  A hell hog (Geh:7)
  A centaur warrior (Vaults:2)
  3 naga sharpshooters
  A deep elf knight (Vaults:5)
  A wretched star (Abyss:5)
  An unseen horror (Abyss:2)
  A swamp dragon (shapeshifter) (Zig:22)
  A flayed ghost (Vaults:5)
  4 deep elf archers
  A phantasmal warrior (Vaults:5)
  A frost giant zombie (Geh:1)
  A lindwurm (shapeshifter) (Zig:22)
  An ironbrand convoker (Vaults:5)
  4 deep elf magi
  A wolf spider (Zig:26)
  A stone giant zombie (Tomb:3)
  3 cyclopes
  An ice statue (Pan)
  3 moths of wrath (Zot:5)
  5 apocalypse crabs
  A rust devil (Zot:5)
  A guardian serpent (Zig:19)
  A vault sentinel (Vaults:5)
  4 smoke demons (Pan)
  A naga mage (Snake:4)
  An orange demon (Pan)
  8 yaktaurs
  A hellwing (Zot:5)
  A hornet (Zig:26)
  3 slime creatures (D:15)
  A polar bear (IceCv)
  8 flying skulls
  A fire dragon skeleton (Geh:1)
  2 tarantellas
  3 wraiths
  A golden eye (Abyss:3)
  A fire elemental (Zig:12)
  4 chaos spawn
  2 nagas
  A fire dragon simulacrum (Abyss:5)
  3 ogres
  A crocodile (D:15)
  5 centaurs
  A small abomination (Abyss:2)
  A quasit (Abyss:4)
  An orc wizard (Orc:2)
  A mummy (Tomb:2)
  A shadow imp (D:5)
  2 white imps
  4 kobolds (Bailey)
  3 bushes (Zig:27)
  5 fire vortices
  8 fungi
  6 lurking horrors
  34 plants
  54 starspawn tentacles
  7 tentacles
314 creatures vanquished.

Grand Total: 6476 creatures vanquished

Notes
Turn   | Place    | Note
-------+----------+-------------------------------------------
     0 | D:1      | MeekVeins the Mummy Wanderer began the quest for the Orb.
     0 | D:1      | MeekVeins set off with: a +2 scale mail, a +0 hand
                  | crossbow, 23 bolts
     0 | D:1      | Reached XP level 1. HP: 15/15 MP: 4/4
     2 | D:1      | Learned a level 1 spell: Infusion
   133 | D:1      | Reached XP level 2. HP: 21/21 MP: 5/5
   414 | D:1      | Reached skill level 3 in Spellcasting
   426 | D:1      | Reached skill level 1 in Crossbows
  1369 | D:2      | Reached skill level 1 in Charms
  1369 | D:2      | Reached XP level 3. HP: 18/27 MP: 0/7
  1496 | D:2      | Found a burning altar of Makhleb.
  1654 | D:2      | Reached XP level 4. HP: 33/33 MP: 8/8
  2291 | D:3      | Noticed Robin
  2462 | D:3      | Killed Robin
  2637 | D:3      | Reached XP level 5. HP: 29/39 MP: 9/9
  2831 | D:3      | Found a shimmering altar of Xom.
  2832 | D:3      | Found a shimmering altar of Xom.
  2832 | D:3      | Found a shimmering altar of Xom.
  2941 | D:3      | Found an iron altar of Okawaru.
  2941 | D:3      | Found a blossoming altar of Fedhas.
  3007 | D:3      | Reached skill level 3 in Crossbows
  3602 | D:4      | Noticed an ogre
  3615 | D:4      | Killed an ogre
  3615 | D:4      | Reached skill level 3 in Fighting
  3615 | D:4      | Reached skill level 1 in Shields
  3615 | D:4      | Reached XP level 6. HP: 47/47 MP: 10/10
  4117 | D:4      | Reached XP level 7. HP: 52/53 MP: 11/11
  4436 | D:4      | Found a stormy altar of Qazlal.
  4671 | D:4      | Found a basalt altar of Yredelemnul.
  4798 | D:5      | Entered Level 5 of the Dungeon
  5043 | D:5      | HP: 1/54 [acid (9)]
  5338 | D:5      | Noticed a hungry ghost
  5489 | D:5      | Killed a hungry ghost
  5489 | D:5      | Reached XP level 8. HP: 54/61 MP: 12/12
  5541 | D:5      | Reached skill level 3 in Shields
  5691 | D:5      | Noticed Pikel
  6336 | D:4      | Found a stormy altar of Qazlal.
  6558 | D:4      | Found a basalt altar of Yredelemnul.
  6708 | D:4      | Killed Pikel
  6708 | D:4      | Reached skill level 6 in Fighting
  6708 | D:4      | Reached skill level 6 in Crossbows
  7479 | D:6      | Found Udaitonk's Antique Armour Shop.
  7545 | D:6      | Noticed Menkaure
  7548 | D:6      | Found a sacrificial altar of Ru.
  7563 | D:6      | Killed Menkaure
  7865 | D:6      | Reached XP level 9. HP: 72/72 MP: 13/13
  8345 | D:6      | Found a staircase to the Ecumenical Temple.
  8429 | Temple   | Entered the Ecumenical Temple
  8453 | Temple   | Became a worshipper of Gozag Ym Sagoz the Greedy
  8480 | D:7      | Found a shadowy altar of Dithmenos.
  9328 | D:7      | Reached skill level 1 in Maces & Flails
  9721 | D:7      | Reached skill level 9 in Fighting
 10441 | D:7      | Found Xouloef's Gadget Shoppe.
 10447 | D:7      | Bought a wand of paralysis (10) for 180 gold pieces
 10547 | D:8      | Found a snail-covered altar of Cheibriados.
 10905 | D:7      | Reached XP level 10. HP: 26/83 MP: 14/14
 11335 | D:8      | Noticed Psyche
 11356 | D:8      | Killed Psyche
 11727 | D:9      | Found a shimmering altar of Xom.
 11967 | D:9      | Reached skill level 3 in Evocations
 11969 | D:9      | Reached skill level 3 in Maces & Flails
 11978 | D:9      | Reached skill level 6 in Shields
 12295 | D:9      | Found a staircase to the Orcish Mines.
 12327 | D:9      | Found a sparkling altar of Nemelex Xobeh.
 12365 | D:9      | Noticed a cyclops
 12392 | D:9      | Found a staircase to the Lair.
 12492 | D:9      | Noticed a skeletal warrior
 12728 | Lair:1   | Entered Level 1 of the Lair of Beasts
 12732 | Lair:1   | Noticed a six-headed hydra
 12744 | Lair:1   | Killed a six-headed hydra
 12771 | Lair:1   | Noticed a black mamba
 12779 | Lair:1   | Killed a black mamba
 13192 | Lair:1   | Noticed a spiny frog
 13215 | Lair:1   | Killed a spiny frog
 13215 | Lair:1   | Reached XP level 11. HP: 56/90 MP: 15/15
 14267 | Lair:2   | Noticed Harold
 14268 | Lair:2   | Noticed Harold
 14268 | Lair:2   | Harold changed into Harold the jumping spider
 14301 | Lair:1   | Killed Harold the jumping spider
 14591 | Lair:2   | Found a staircase to the Snake Pit.
 14706 | Lair:2   | Noticed Nergalle
 14710 | Lair:2   | Noticed Nergalle
 14710 | Lair:2   | Nergalle changed into Nergalle the faun
 14721 | Lair:2   | Killed Nergalle the faun
 15200 | Lair:2   | Reached skill level 6 in Evocations
 15612 | Lair:3   | Reached skill level 6 in Maces & Flails
 17006 | Lair:4   | Noticed an eight-headed hydra
 17022 | Lair:4   | Killed an eight-headed hydra
 17022 | Lair:4   | Reached XP level 12. HP: 97/97 MP: 17/17
 18834 | Lair:4   | Noticed Snorg
 18844 | Lair:4   | Killed Snorg
 18844 | Lair:4   | Reached skill level 9 in Maces & Flails
 19182 | Lair:4   | Found a staircase to the Shoals.
 21991 | Lair:6   | Entered Level 6 of the Lair of Beasts
 21991 | Lair:6   | Noticed a catoblepas
 22052 | Lair:5   | Gained mutation: You are in touch with the powers of death.
                  | [Mummy growth]
 22052 | Lair:5   | Reached XP level 13. HP: 29/103 MP: 19/19
 24017 | Lair:5   | Reached skill level 9 in Evocations
 25694 | Lair:6   | Noticed Nessos
 25708 | Lair:6   | Killed Nessos
 25708 | Lair:6   | Reached skill level 12 in Maces & Flails
 25713 | Lair:6   | Got a fine longbow
 25714 | Lair:6   | Identified the +5 longbow "Ajoe" {flame, -Tele rF++ Str+5}
                  | (You took it off Nessos on level 6 of the Lair of Beasts)
 26123 | Lair:6   | Reached skill level 3 in Armour
 26483 | Lair:6   | Found a staircase to the Slime Pits.
 26484 | Lair:6   | Found a viscous altar of Jiyva.
 26775 | Lair:6   | Identified the Handbook of Envenoming and Malediction
 27053 | D:9      | Found Unoycuec's Antique Weapon Emporium.
 27069 | D:9      | Bought an ancient arbalest for 228 gold pieces
 27069 | D:9      | Identified the +2 arbalest "Secri" {freeze, *Drain *Slow
                  | rN+++ Dex+2} (You bought it in a shop on level 9 of the
                  | Dungeon)
 27249 | D:9      | Got a transparent copper ring
 27305 | D:9      | Got a steaming iron amulet
 27432 | D:9      | Identified the amulet "Pama Naxi" {Reflect rElec rF++ Int+4
                  | SH+4} (You found it on level 9 of the Dungeon)
 27436 | D:9      | Identified the ring "Dutovviro" {rC+ rN+ Int+5} (You found
                  | it on level 9 of the Dungeon)
 27465 | D:10     | Entered Level 10 of the Dungeon
 27792 | D:10     | Got a pitted ring mail
 27793 | D:10     | Identified the +3 ring mail of the Bard {-Tele Dex+6} (You
                  | found it on level 10 of the Dungeon)
 27855 | D:10     | Reached XP level 14. HP: 109/111 MP: 20/20
 28609 | D:10     | Found Woferhie's Gadget Boutique.
 28613 | D:10     | Bought a wand of acid (4) for 176 gold pieces
 28613 | D:10     | Bought a lightning rod (4/4) for 440 gold pieces
 28613 | D:10     | Bought a wand of paralysis (16) for 198 gold pieces
 29600 | D:11     | Reached skill level 9 in Shields
 29820 | Lair:5   | Learned a level 2 spell: Blink
 29933 | Orc:1    | Entered Level 1 of the Orcish Mines
 30301 | Orc:1    | Found Kodd's Magic Scroll Boutique.
 30309 | Orc:1    | Bought a scroll of enchant weapon for 90 gold pieces
 30309 | Orc:1    | Bought a scroll of immolation for 42 gold pieces
 30309 | Orc:1    | Bought a scroll of summoning for 114 gold pieces
 30571 | Orc:2    | Entered Level 2 of the Orcish Mines
 30647 | Orc:1    | Noticed Urug
 30678 | Orc:1    | Killed Urug
 30847 | Orc:2    | Reached skill level 1 in Translocations
 31039 | Orc:2    | Found a staircase to the Elven Halls.
 31221 | Orc:2    | Noticed an orc warlord
 31542 | Orc:2    | Noticed a fire giant
 31542 | Orc:2    | an orc warlord changed into a fire giant
 31759 | Orc:2    | Killed a fire giant
 32633 | Orc:2    | Reached skill level 1 in Dodging
 33374 | Orc:2    | Found Soadakhe's Antique Armour Shop.
 33384 | Orc:2    | Found Xotac's Antique Weapon Shop.
 33385 | Orc:2    | Found Ufirchy's General Store.
 33385 | Orc:2    | Found Reufikk's Book Boutique.
 33389 | Orc:2    | Bought a scroll of immolation for 63 gold pieces
 33400 | Orc:2    | Bought an ancient hand axe for 240 gold pieces
 33400 | Orc:2    | Identified the +2 hand axe of Symmetry {speed, +Blink MR-
                  | Int+7} (You bought it in a shop on level 2 of the Orcish
                  | Mines)
 33442 | Orc:2    | Bought a manual of Fighting for 1766 gold pieces
 33887 | D:11     | Reached skill level 3 in Translocations
 34206 | D:12     | Identified a scroll of acquirement
 34357 | D:12     | Found a flagged portal.
 34368 | Bailey   | Entered a bailey
 34772 | D:12     | Reached skill level 12 in Fighting
 35290 | D:12     | Upgraded the game from 0.22.0-40-g68aacdc4c8 to
                  | 0.22.0-49-gab54619674
 36232 | D:14     | Reached skill level 6 in Armour
 36264 | D:14     | Reached XP level 15. HP: 120/120 MP: 22/22
 36735 | D:14     | Found a gate to the Vaults.
 37559 | D:15     | Entered Level 15 of the Dungeon
 37689 | D:15     | Found a frozen archway.
 37762 | IceCv    | Entered an ice cave
 38595 | IceCv    | Noticed a frost giant
 38636 | IceCv    | Killed a frost giant
 38979 | IceCv    | Identified the cursed +2 battleaxe of Watchfulness {vamp,
                  | SInv} (You found it in an ice cave)
 40972 | D:7      | Bought a wand of clouds (4) for 360 gold pieces
 40972 | D:7      | Bought a wand of paralysis (8) for 150 gold pieces
 41047 | Snake:1  | Entered Level 1 of the Snake Pit
 42987 | Snake:1  | Found Yfacot's Jewellery Shoppe.
 42987 | Snake:1  | Found Daetuir's Gadget Boutique.
 42988 | Snake:1  | Found Jeiledgh's Jewellery Shoppe.
 43004 | Snake:1  | Bought the ring "Cythri Xouvu" {rF+ Int+3 Dex+2} for 406
                  | gold pieces
 43004 | Snake:1  | Bought the ring "Afumeiw" {*Contam +Blink rElec MR+ Stlth+}
                  | for 462 gold pieces
 43214 | Snake:2  | Reached XP level 16. HP: 114/132 MP: 24/24
 43360 | Snake:2  | Reached skill level 3 in Dodging
 43861 | Snake:2  | Reached skill level 12 in Shields
 45111 | Snake:3  | Found Wepsib's Food Shoppe.
 45745 | Snake:4  | Entered Level 4 of the Snake Pit
 47631 | Snake:4  | Reached skill level 15 in Fighting
 48984 | Snake:4  | Reached XP level 17. HP: 135/142 MP: 25/25
 49968 | Snake:4  | Got a serpentine rune of Zot
 50382 | Shoals:1 | Entered Level 1 of the Shoals
 51303 | Shoals:1 | Reached skill level 6 in Dodging
 51756 | Shoals:2 | Reached skill level 12 in Evocations
 51908 | Shoals:2 | Noticed Polyphemus
 52050 | Shoals:2 | Killed Polyphemus
 52326 | Shoals:2 | Found Viblaic's Gadget Shop.
 53098 | Shoals:3 | Found Yceat's General Store.
 53986 | Snake:1  | Bought an uncursed ring of see invisible for 180 gold
                  | pieces
 54141 | Shoals:4 | Entered Level 4 of the Shoals
 54701 | Shoals:4 | Identified the +6 scimitar "Rummage" {venom, +Inv Int+7}
                  | (You found it on level 4 of the Shoals)
 55043 | Shoals:4 | Reached XP level 18. HP: 97/153 MP: 27/27
 55282 | Shoals:4 | Identified the +12 hand axe of the Warrior {flame, rC-
                  | Str+4} (You found it on level 4 of the Shoals)
 55533 | Shoals:4 | Reached skill level 15 in Shields
 57033 | Shoals:4 | Got a barnacled rune of Zot
 57072 | Shoals:4 | Identified the +7 dire flail of the Hall of Blades {freeze,
                  | +Rage rElec rF+} (You found it on level 4 of the Shoals)
 57455 | D:15     | Found a staircase to the Depths.
 57466 | Depths:1 | Entered Level 1 of the Depths
 57471 | D:15     | Bought a warped chain mail for 446 gold pieces
 57471 | D:15     | Bought a jewelled helmet for 446 gold pieces
 57471 | D:15     | Identified the +0 helmet "Dyampyt" {-Tele rElec Int+5} (You
                  | bought it in a shop on level 15 of the Dungeon)
 57472 | D:15     | Identified the +8 chain mail of Qost {rPois Regen+ rCorr
                  | Dex-4} (You bought it in a shop on level 15 of the Dungeon)
 57491 | D:15     | Learned a level 5 spell: Dispel Undead
 57566 | Vaults:1 | Entered Level 1 of the Vaults
 58184 | Vaults:1 | Reached skill level 18 in Fighting
 58307 | Vaults:1 | Identified the +6 scale mail "Rufiosy" {Int+3} (You found
                  | it on level 1 of the Vaults)
 59470 | Vaults:2 | Reached skill level 1 in Necromancy
 59781 | Vaults:2 | Reached skill level 3 in Necromancy
 59843 | Vaults:2 | Reached XP level 19. HP: 70/163 MP: 28/28
 60284 | Vaults:2 | Reached skill level 6 in Necromancy
 61352 | Vaults:2 | Identified the +7 hunting sling "Inest" {freeze, -Tele rN+
                  | MR+} (You found it on level 2 of the Vaults)
 61397 | Vaults:2 | Found a staircase to the Crypt.
 61397 | Vaults:2 | Found an ancient bone altar of Kikubaaqudgha.
 61398 | Vaults:2 | Found a basalt altar of Yredelemnul.
 63593 | Vaults:3 | Reached skill level 9 in Armour
 63593 | Vaults:3 | Reached skill level 9 in Dodging
 63929 | Vaults:3 | Identified the +2 chain mail of Hide-and-Seek {Dex+4} (You
                  | found it on level 3 of the Vaults)
 64808 | Vaults:4 | Found Mymit's Distillery.
 64820 | Vaults:4 | Found Biarea Enunn's Book Shop.
 65114 | Vaults:4 | Found Kuiwuh's Weapon Emporium.
 65228 | Vaults:4 | Reached XP level 20. HP: 172/172 MP: 29/29
 65441 | Vaults:4 | Found Lazipir's Magic Scroll Shop.
 66202 | Vaults:4 | Learned a level 4 spell: Leda's Liquefaction
 66413 | D:15     | Reached skill level 9 in Necromancy
 66417 | D:15     | Reached skill level 1 in Earth Magic
 66629 | D:15     | Bought a shiny helmet for 352 gold pieces
 66909 | Depths:1 | Found a gateway to Hell.
 67352 | Depths:1 | Reached skill level 3 in Earth Magic
 67361 | Depths:1 | Found a glowing silver altar of Zin.
 68432 | D:13     | Identified the +9 ring mail of the Nexus {Regen+ Str+4
                  | Dex-4 SInv} (You found it on level 13 of the Dungeon)
 68568 | Orc:2    | Bought a book of Unlife for 1040 gold pieces
 68574 | Orc:2    | Learned a level 5 spell: Borgnjor's Vile Clutch
 69414 | Depths:2 | Identified the cursed +2 hunting sling of the Sun {venom,
                  | rF- rC- rN++ Str+4} (You found it on level 2 of the Depths)
 69424 | Depths:2 | Identified the +3 cloak of Nuclita {Str+2} (You found it on
                  | level 2 of the Depths)
 69485 | Depths:2 | Noticed a caustic shrike
 69497 | Depths:2 | Killed a caustic shrike
 69497 | Depths:2 | Reached skill level 6 in Earth Magic
 69939 | Depths:2 | Reached XP level 21. HP: 146/180 MP: 20/30
 71013 | Depths:2 | Noticed a juggernaut
 71028 | Depths:2 | Reached skill level 12 in Necromancy
 71032 | Depths:2 | Killed a juggernaut
 71735 | Depths:3 | Learned a level 4 spell: Passage of Golubria
 72384 | Depths:3 | Found a runed door.
 72386 | Depths:3 | Noticed Xetyatez's ghost (adept DsFi)
 72767 | Depths:3 | Found a one-way gate leading to the halls of Pandemonium.
 73612 | D:10     | Bought a wand of digging (11) for 330 gold pieces
 74022 | Depths:4 | Found a gateway to a ziggurat.
 74396 | Depths:4 | Reached skill level 6 in Translocations
 74566 | Depths:4 | Reached XP level 22. HP: 158/189 MP: 21/31
 74972 | Depths:4 | Noticed a juggernaut
 75108 | Depths:4 | Killed a juggernaut
 75340 | Depths:4 | Noticed a caustic shrike
 75350 | Depths:4 | Killed a caustic shrike
 75923 | Depths:4 | Found a one-way gate to the infinite horrors of the Abyss.
 76174 | Depths:4 | Noticed a golden dragon
 76337 | Depths:4 | Noticed a golden dragon
 76343 | Depths:4 | Killed a golden dragon
 76363 | Depths:4 | Killed a golden dragon
 76533 | Depths:4 | Noticed a caustic shrike
 76546 | Depths:4 | Killed a caustic shrike
 76734 | Depths:4 | Reached skill level 9 in Earth Magic
 76752 | Depths:4 | Noticed a golden dragon
 76933 | Depths:4 | Killed a golden dragon
 77091 | Depths:4 | Noticed a caustic shrike
 77108 | Depths:4 | Killed a caustic shrike
 77121 | Depths:4 | Reached skill level 12 in Armour
 77261 | Depths:4 | Found Bauchowa's Gadget Emporium.
 77261 | Depths:4 | Found Irawnick's Distillery.
 77262 | Depths:4 | Found Haefusia's Armour Boutique.
 77263 | Depths:4 | Found Fodu's Weapon Emporium.
 77269 | Depths:4 | Bought a wand of scattershot (6) for 630 gold pieces
 77937 | Depths:4 | Bought an encrusted helmet for 218 gold pieces
 77937 | Depths:4 | Bought a topaz-encrusted scale mail for 207 gold pieces
 77937 | Depths:4 | Bought a pair of faintly glowing boots for 218 gold pieces
 77937 | Depths:4 | Identified the +1 pair of boots of the Lizard {+Fly rC+
                  | SInv} (You bought it in a shop on level 4 of the Depths)
 77953 | Depths:4 | Identified the +6 scale mail of Repulsion {rC+ rN+ Int-3}
                  | (You bought it in a shop on level 4 of the Depths)
 77953 | Depths:4 | Identified the +0 helmet of the Shining Light {rN++} (You
                  | bought it in a shop on level 4 of the Depths)
 77958 | Depths:4 | Bought a glowing scarf for 184 gold pieces
 77958 | Depths:4 | Bought a faintly humming leather armour for 161 gold pieces
 77958 | Depths:4 | Bought a scorched troll leather armour for 460 gold pieces
 77958 | Depths:4 | Identified the +0 troll leather armour of Ceocril {rC+
                  | Regen+ Str+5} (You bought it in a shop on level 4 of the
                  | Depths)
 77959 | Depths:4 | Identified the cursed +1 leather armour of Yrunufua {Str+4}
                  | (You bought it in a shop on level 4 of the Depths)
 77991 | Depths:5 | Entered Level 5 of the Depths
 78093 | Depths:5 | Reached XP level 23. HP: 47/198 MP: 6/32
 78439 | Depths:5 | Found an iron altar of Okawaru.
 78599 | Depths:5 | Noticed a caustic shrike
 78599 | Depths:5 | Noticed a caustic shrike
 78599 | Depths:5 | Noticed a caustic shrike
 78599 | Depths:5 | Noticed a caustic shrike
 79278 | Depths:5 | Found a hide-covered altar of Uskayaw.
 80410 | Depths:5 | Killed a caustic shrike
 80410 | Depths:5 | Killed a caustic shrike
 80410 | Depths:5 | Noticed a caustic shrike
 80416 | Depths:4 | Killed a caustic shrike
 80668 | Depths:5 | Killed a caustic shrike
 80896 | Depths:5 | Killed a caustic shrike
 81112 | Depths:5 | Found a sparkling altar of Nemelex Xobeh.
 81391 | Depths:5 | Noticed Saint Roka
 81393 | Depths:5 | Found a gate to the Realm of Zot.
 81414 | Depths:5 | Killed Saint Roka
 81700 | Depths:5 | Noticed a juggernaut
 81724 | Depths:5 | Killed a juggernaut
 81824 | Depths:5 | Found a glowing silver altar of Zin.
 82046 | Depths:5 | Bought a jewelled hat for 324 gold pieces
 82046 | Depths:5 | Identified the cursed +0 hat "Zofat" {Str+4 SInv Stlth+}
                  | (You bought it in a shop on level 5 of the Depths)
 82386 | Vaults:5 | Entered Level 5 of the Vaults
 82407 | Vaults:5 | Reached skill level 15 in Evocations
 82412 | Vaults:4 | Reached XP level 24. HP: 163/205 MP: 22/34
 82992 | Vaults:5 | Identified the +4 leather armour of the Ten Deaths {Str+3}
                  | (You found it on level 5 of the Vaults)
 83133 | Vaults:5 | Identified the +5 ring mail of Benevolence {Dex+9 SInv}
                  | (You found it on level 5 of the Vaults)
 83139 | Vaults:5 | Identified the Guide on Heat and the Glacier
 83140 | Vaults:5 | Found the amulet of the Four Winds {rN+ MR+++ Clar}
 83691 | Vaults:5 | Got a silver rune of Zot
 84155 | Vaults:5 | Identified the cursed +1 plate armour of the Lich-sworn
                  | {Str+4 Int+4 Dex+3} (You found it on level 5 of the Vaults)
 84454 | Slime:1  | Entered Level 1 of the Pits of Slime
 85461 | Slime:5  | Entered Level 5 of the Pits of Slime
 86392 | Slime:5  | Noticed the Royal Jelly
 86396 | Slime:5  | Found a viscous altar of Jiyva.
 86428 | Slime:5  | Killed the Royal Jelly
 86540 | Slime:5  | Found the +9 staff of Olgreb {rPois}
 86598 | Slime:5  | Identified Jatz's Handbook of Snow and Calling
 86634 | Slime:5  | Got a slimy rune of Zot
 86655 | Slime:5  | Got a pair of faintly humming gloves
 86656 | Slime:5  | Identified the -4 pair of gloves "Tayl" {Int+2} (You
                  | acquired it on level 5 of the Pits of Slime)
 86672 | Slime:5  | Identified the cursed +1 short sword of Internal Strife
                  | {speed, rF+ MR+} (You found it on level 5 of the Pits of
                  | Slime)
 86682 | Slime:5  | Identified the Incunabulum of the Pure Tables
 86685 | Slime:5  | Identified the +1 plate armour of the Sun {rElec rF+ Regen+
                  | Int-2} (You found it on level 5 of the Pits of Slime)
 87131 | Elf:1    | Entered Level 1 of the Elven Halls
 87578 | Elf:1    | Reached XP level 25. HP: 197/212 MP: 26/35
 88505 | Elf:2    | Found a radiant altar of Vehumet.
 88756 | Elf:2    | Found a runed door.
 88787 | Elf:2    | Found a runed door.
 89257 | Elf:3    | Entered Level 3 of the Elven Halls
 89631 | Elf:3    | Reached skill level 15 in Armour
 90176 | Elf:3    | Got a pitted pewter ring
 90291 | Elf:3    | Reached skill level 18 in Evocations
 90314 | Elf:3    | Reached skill level 12 in Dodging
 90383 | Elf:3    | Got a fine silver amulet
 90504 | Elf:3    | Identified the cursed +1 mace "Ceethano" {venom, rC+} (You
                  | took it off a deep elf demonologist on level 3 of the Elven
                  | Halls)
 90508 | Elf:3    | Identified the amulet of Incredulity {Faith Int+3} (You
                  | took it off a deep elf death mage on level 3 of the Elven
                  | Halls)
 90509 | Elf:3    | Identified the ring "Boenole" {*Corrode MR+ AC+3 Int+2
                  | Dex+5} (You took it off a deep elf annihilator on level 3
                  | of the Elven Halls)
 90540 | Elf:3    | Identified the +3 rapier "Rirum" {speed, rN+ Str+9} (You
                  | took it off a deep elf death mage on level 3 of the Elven
                  | Halls)
 90568 | Elf:3    | Identified Lixt's Tome of Lucky Malediction
 90665 | Elf:3    | Found the +9 heavy crossbow "Sniper" {velocity, Acc+∞ SInv}
 90673 | Elf:3    | Identified Tagribil's Collected Works on Lightness and Fire
 90683 | Elf:3    | Identified the Reference Book on Captivating Envenoming
 90890 | Elf:3    | Learned a level 1 spell: Apportation
 90894 | Elf:3    | Learned a level 3 spell: Lesser Beckoning
 90897 | Elf:3    | Learned a level 2 spell: Passwall
 90933 | Elf:3    | Identified the +5 dagger "Linnenuu" {drain, *Slow +Rage
                  | rN++ Dex+4} (You found it on level 3 of the Elven Halls)
 90955 | Elf:3    | Identified the cursed +1 battleaxe of Purpose {flame, Str+7
                  | Int-3 SInv} (You took it off a deep elf annihilator on
                  | level 3 of the Elven Halls)
 91292 | Depths:4 | Voluntarily entered the Abyss.
 91843 | Abyss:2  | Reached skill level 9 in Translocations
 92552 | Abyss:2  | Found a corrupted altar of Lugonu.
 92770 | Abyss:2  | Found a corrupted altar of Lugonu.
 92953 | Abyss:3  | Lost dexterity.
 93000 | Abyss:3  | Identified the +9 triple sword of Death {flame, Str+2} (You
                  | found it on level 3 of the Abyss)
 93050 | Abyss:3  | Noticed an ancient lich
 93066 | Abyss:3  | Killed an ancient lich
 93066 | Abyss:3  | Gained mutation: You are strongly in touch with the powers
                  | of death. [Mummy growth]
 93066 | Abyss:3  | Reached XP level 26. HP: 118/219 MP: 1/36
 93662 | Abyss:3  | Found a corrupted altar of Lugonu.
 93802 | Abyss:3  | Paralysed by accursed screaming for 2 turns
 93958 | Depths:4 | Escaped the Abyss
 94051 | Zot:1    | Entered Level 1 of the Realm of Zot
 94075 | Zot:1    | Reached skill level 21 in Fighting
 94979 | Zot:1    | Found a transporter.
 95233 | Zot:1    | Found a transporter.
 95409 | Zot:1    | Noticed an ancient lich
 95438 | Zot:1    | Killed an ancient lich
 96173 | Zot:1    | Got a heavily runed copper amulet
 96174 | Zot:1    | Identified the amulet "Ysis" {RegenMP Int+2} (You found it
                  | on level 1 of the Realm of Zot)
 96184 | Zot:1    | Got a crude iron amulet
 96187 | Zot:1    | Identified the +8 mace of Linearity {freeze, Str+3} (You
                  | found it on level 1 of the Realm of Zot)
 96188 | Zot:1    | Identified the amulet "Lefaod" {Spirit rPois rN+ Int-3
                  | Dex+6} (You found it on level 1 of the Realm of Zot)
 96193 | Zot:1    | Got a scorched platinum ring
 96194 | Zot:1    | Identified the ring "Agohot" {rC+ Str+3} (You found it on
                  | level 1 of the Realm of Zot)
 96384 | Zot:2    | Noticed an orb of fire
 97045 | Zot:3    | Reached XP level 27. HP: 212/233 MP: 26/36
 97128 | Zot:3    | Noticed an orb of fire
 97968 | Crypt:1  | Entered Level 1 of the Crypt
 99404 | Crypt:1  | Identified the +3 scale mail of Awe {rF+} (You found it on
                  | level 1 of the Crypt)
 99427 | Crypt:2  | Noticed Donald
 99439 | Crypt:2  | Killed Donald
 99759 | Crypt:2  | Noticed Mennas
100141 | Crypt:2  | Killed Mennas
100822 | Snake:1  | Bought a wand of paralysis (12) for 196 gold pieces
100972 | Shoals:2 | Bought a wand of acid (8) for 384 gold pieces
100972 | Shoals:2 | Bought a sack of spiders for 320 gold pieces
101231 | Depths:1 | Bought a translucent helmet for 380 gold pieces
101231 | Depths:1 | Bought a heavily runed hat for 360 gold pieces
101231 | Depths:1 | Identified the +0 hat of Forking Paths {MR++ rCorr Str-2}
                  | (You bought it in a shop on level 1 of the Depths)
101232 | Depths:1 | Identified the +0 helmet of Cugoed Hedd {rElec Str+3 Dex-5}
                  | (You bought it in a shop on level 1 of the Depths)
101405 | Crypt:3  | Entered Level 3 of the Crypt
101565 | Crypt:3  | Identified the Almanac of Freezing Confrontation
101598 | Crypt:3  | Learned a level 1 spell: Summon Butterflies
102028 | Crypt:3  | Found a basalt altar of Yredelemnul.
102228 | Crypt:3  | Found an ancient bone altar of Kikubaaqudgha.
102300 | Crypt:3  | Identified the Guide on Dark Magic
102306 | Crypt:3  | Got a shimmering ivory ring
102306 | Crypt:3  | Got a coiled copper ring
102306 | Crypt:3  | Got a twitching bronze ring
102307 | Crypt:3  | Identified the ring "Tauzuk" {rF+ rN+ Str-3 Int+3 Slay+5}
                  | (You found it on level 3 of the Crypt)
102308 | Crypt:3  | Identified the ring "Beunnyis" {rC+ rN+} (You found it on
                  | level 3 of the Crypt)
102309 | Crypt:3  | Identified the ring of Harmony {rF++ rN+ Int-3 SInv Stlth+}
                  | (You found it on level 3 of the Crypt)
102683 | Crypt:3  | Found a staircase to the Tomb.
103216 | Depths:4 | Voluntarily entered the Abyss.
103705 | Abyss:4  | Found a corrupted altar of Lugonu.
103775 | Abyss:4  | Found a corrupted altar of Lugonu.
103976 | Abyss:4  | Found a corrupted altar of Lugonu.
104221 | Abyss:4  | Found a corrupted altar of Lugonu.
104250 | Abyss:4  | Reached skill level 18 in Shields
104395 | Abyss:4  | Found a burning altar of Makhleb.
104436 | Abyss:5  | Entered Level 5 of the Abyss
104801 | Depths:4 | Escaped the Abyss
105125 | Hell     | Entered the Vestibule of Hell
105125 | Hell     | Noticed Geryon
106479 | Hell     | Killed Geryon
106780 | Hell     | Found a gateway to the freezing wastes of Cocytus.
106921 | Hell     | Found a gateway to the Iron City of Dis.
106965 | Hell     | Found a gateway to the ashen valley of Gehenna.
107028 | Hell     | Found a gateway to the decaying netherworld of Tartarus.
107285 | Coc:1    | Entered Level 1 of Cocytus
107444 | Coc:1    | Reached skill level 15 in Maces & Flails
109029 | Coc:7    | Entered Level 7 of Cocytus
109179 | Coc:7    | Noticed the Serpent of Hell
110900 | Coc:7    | Reached skill level 21 in Shields
112056 | Coc:7    | Killed the Serpent of Hell
112474 | Coc:7    | Noticed Antaeus
112955 | Coc:7    | Killed Antaeus
113009 | Coc:7    | Got an icy rune of Zot
113706 | Hell     | Bought an ancient large shield for 199 gold pieces
113706 | Hell     | Bought a heavily runed cloak for 199 gold pieces
113706 | Hell     | Bought a twisted ring mail for 189 gold pieces
113706 | Hell     | Bought an encrusted chain mail for 199 gold pieces
113706 | Hell     | Identified the +0 chain mail of Salvation {rElec MP-9
                  | Str+3} (You bought it in a shop in the Vestibule of Hell)
113707 | Hell     | Identified the +2 ring mail of Day {rPois MR+} (You bought
                  | it in a shop in the Vestibule of Hell)
113708 | Hell     | Identified the cursed +0 cloak of Ahuehu {rC+ Int+3 Dex+3}
                  | (You bought it in a shop in the Vestibule of Hell)
113709 | Hell     | Identified the cursed +0 large shield "Tefozxo" {rF+ Str+4}
                  | (You bought it in a shop in the Vestibule of Hell)
113710 | Hell     | Bought a runed large shield for 157 gold pieces
114178 | Tomb:1   | Entered Level 1 of the Tomb of the Ancients
114189 | Tomb:1   | Noticed Jory
114253 | Tomb:1   | Killed Jory
114253 | Tomb:1   | Reached skill level 1 in Summonings
114884 | Tomb:1   | Noticed an ancient lich
114885 | Tomb:1   | Noticed a greater mummy
114894 | Tomb:1   | Killed an ancient lich
114906 | Tomb:1   | Killed a greater mummy
115260 | Tomb:2   | Noticed a greater mummy
115280 | Tomb:2   | Killed a greater mummy
115282 | Tomb:2   | Noticed an ancient lich
115289 | Tomb:2   | Reached skill level 24 in Shields
115304 | Tomb:2   | Killed an ancient lich
115314 | Tomb:2   | Noticed a greater mummy
115317 | Tomb:2   | Noticed a greater mummy
115349 | Tomb:2   | Killed a greater mummy
115362 | Tomb:2   | Killed a greater mummy
116056 | Tomb:1   | Noticed a greater mummy
116078 | Tomb:1   | Killed a greater mummy
116197 | Tomb:1   | Noticed a greater mummy
116208 | Tomb:1   | Noticed a greater mummy
116219 | Tomb:1   | Killed a greater mummy
116227 | Tomb:1   | Killed a greater mummy
116291 | Tomb:1   | Noticed a greater mummy
116309 | Tomb:1   | Killed a greater mummy
116337 | Tomb:1   | Noticed a greater mummy
116343 | Tomb:1   | Noticed a greater mummy
116356 | Tomb:1   | Killed a greater mummy
116363 | Tomb:1   | Killed a greater mummy
116418 | Tomb:1   | Noticed a greater mummy
116433 | Tomb:1   | Killed a greater mummy
116438 | Tomb:1   | Noticed a greater mummy
116457 | Tomb:1   | Killed a greater mummy
116546 | Tomb:1   | Noticed a greater mummy
116562 | Tomb:1   | Killed a greater mummy
116676 | Tomb:1   | Noticed a greater mummy
116692 | Tomb:1   | Killed a greater mummy
116754 | Tomb:1   | Noticed a greater mummy
116757 | Tomb:1   | Noticed a greater mummy
116773 | Tomb:1   | Killed a greater mummy
116776 | Tomb:1   | Noticed a greater mummy
116780 | Tomb:1   | Killed a greater mummy
116797 | Tomb:1   | Killed a greater mummy
116799 | Tomb:1   | Noticed a greater mummy
116819 | Tomb:1   | Killed a greater mummy
116985 | Tomb:1   | Noticed a greater mummy
116987 | Tomb:1   | Noticed a greater mummy
116987 | Tomb:1   | Noticed a greater mummy
116996 | Tomb:1   | Killed a greater mummy
117006 | Tomb:1   | Killed a greater mummy
117007 | Tomb:1   | Killed a greater mummy
117575 | Tomb:2   | Reached skill level 15 in Dodging
117993 | Geh:1    | Entered Level 1 of Gehenna
119947 | Geh:2    | Reached skill level 18 in Armour
120177 | Geh:7    | Entered Level 7 of Gehenna
120612 | Geh:7    | Reached skill level 24 in Fighting
121398 | Geh:7    | Reached skill level 21 in Evocations
122207 | Geh:7    | Noticed Asmodeus
122278 | Geh:7    | HP: 6/238 [Asmodeus/damnation (44)]
122282 | Geh:7    | Killed Asmodeus
122534 | Geh:7    | Got an obsidian rune of Zot
122705 | Hell     | Bought a +1 pair of gloves of strength for 181 gold pieces
122719 | Hell     | Bought a scroll of enchant weapon for 142 gold pieces
122719 | Hell     | Bought a scroll of identify for 38 gold pieces
122719 | Hell     | Bought a scroll of identify for 38 gold pieces
122719 | Hell     | Bought a scroll of identify for 38 gold pieces
123326 | Tomb:3   | Entered Level 3 of the Tomb of the Ancients
123366 | Tomb:3   | Noticed a greater mummy
123366 | Tomb:3   | Noticed a greater mummy
123373 | Tomb:3   | Noticed a greater mummy
123373 | Tomb:3   | Killed a greater mummy
123387 | Tomb:3   | Noticed a greater mummy
123391 | Tomb:3   | Killed a greater mummy
123393 | Tomb:3   | Killed a greater mummy
123395 | Tomb:3   | Killed a greater mummy
123569 | Tomb:3   | Noticed a greater mummy
123577 | Tomb:3   | Noticed a greater mummy
123586 | Tomb:3   | Killed a greater mummy
123586 | Tomb:3   | Reached skill level 12 in Translocations
123587 | Tomb:3   | Noticed a greater mummy
123598 | Tomb:3   | Killed a greater mummy
123608 | Tomb:3   | Killed a greater mummy
123695 | Tomb:3   | Noticed a greater mummy
123721 | Tomb:3   | Killed a greater mummy
123740 | Tomb:3   | Got a golden rune of Zot
123978 | Tomb:3   | Identified the +3 bardiche of Tenacity {holy, Int+3} (You
                  | found it on level 3 of the Tomb of the Ancients)
123980 | Tomb:3   | Identified the +4 broad axe of Ravage {freeze, Dex+2} (You
                  | found it on level 3 of the Tomb of the Ancients)
123982 | Tomb:3   | Got a scintillating amethyst amulet
123986 | Tomb:3   | Identified the cursed -1 helmet of Autumn {Int+3 Stlth-}
                  | (You found it on level 3 of the Tomb of the Ancients)
123989 | Tomb:3   | Got a shimmering steel amulet
124000 | Tomb:3   | Identified the +5 long sword "Kaepn" {slice, +Inv Str+4
                  | Int-5 SInv} (You found it on level 3 of the Tomb of the
                  | Ancients)
124045 | Tomb:3   | Identified the amulet "Jelonen" {Reflect rPois rN++ MR+
                  | SH+5} (You found it on level 3 of the Tomb of the Ancients)
124046 | Tomb:3   | Identified the amulet "Pove" {Reflect *Contam rPois Slay+6
                  | SH+5 Stlth+} (You found it on level 3 of the Tomb of the
                  | Ancients)
124467 | Tar:1    | Entered Level 1 of Tartarus
126520 | Tar:7    | Entered Level 7 of Tartarus
126524 | Tar:7    | Reached skill level 15 in Necromancy
127001 | Tar:7    | Got a steaming amber ring
127002 | Tar:7    | Identified the ring "Lasyst" {+Blink rF+ MR+ Str+4 Slay-6}
                  | (You found it on level 7 of Tartarus)
127228 | Tar:7    | Noticed an ancient lich
127239 | Tar:7    | Killed an ancient lich
127339 | Tar:7    | Identified the Collected Works on Vitriolic Moulding
127353 | Tar:7    | Got a heavily runed marble ring
127549 | Tar:7    | Noticed Ereshkigal
127646 | Tar:7    | Reached skill level 24 in Evocations
127896 | Tar:7    | Killed Ereshkigal
128194 | Tar:7    | Got a bone rune of Zot
128394 | Hell     | Bought a scroll of magic mapping for 77 gold pieces
128557 | Orc:1    | Bought a scroll of identify for 24 gold pieces
128557 | Orc:1    | Bought a scroll of identify for 24 gold pieces
128557 | Orc:1    | Bought 2 scrolls of teleportation for 72 gold pieces
128557 | Orc:1    | Bought a scroll of fear for 42 gold pieces
128557 | Orc:1    | Bought a scroll of identify for 24 gold pieces
128557 | Orc:1    | Identified the ring "Xanap" {rPois Str+5 Stlth+} (You found
                  | it on level 7 of Tartarus)
128749 | Vaults:4 | Bought a scroll of identify for 36 gold pieces
128749 | Vaults:4 | Bought a scroll of teleportation for 54 gold pieces
128749 | Vaults:4 | Bought a scroll of identify for 36 gold pieces
128895 | Dis:1    | Entered Level 1 of the Iron City of Dis
129473 | Dis:4    | You fall through a shaft for 2 floors!
129597 | Dis:7    | Entered Level 7 of the Iron City of Dis
130606 | Dis:7    | Noticed Dispater
130634 | Dis:7    | Killed Dispater
130661 | Dis:7    | Identified the Catalogue of Ghastly Weightlessness
130666 | Dis:7    | Got an iron rune of Zot
130849 | Depths:1 | Bought a sack of spiders for 460 gold pieces
130849 | Depths:1 | Bought a wand of acid (13) for 782 gold pieces
130849 | Depths:1 | Bought a sack of spiders for 460 gold pieces
130950 | Depths:4 | Voluntarily entered the Abyss.
130978 | Abyss:1  | Paralysed by accursed screaming for 1 turns
131008 | Abyss:1  | Learned a level 2 spell: Swiftness
131016 | Abyss:1  | Found a corrupted altar of Lugonu.
132701 | Abyss:5  | Entered Level 5 of the Abyss
132742 | Abyss:5  | Found a corrupted altar of Lugonu.
132765 | Abyss:5  | Got an abyssal rune of Zot
132777 | Depths:4 | Escaped the Abyss
132968 | Depths:4 | Got a pair of transparent gloves
132969 | Depths:4 | Identified the +4 pair of gloves of Hopscotch {+Blink
                  | Dex+2} (You acquired it on level 4 of the Depths)
132990 | Zig:1    | Entered Level 1 of a ziggurat
133022 | Zig:2    | Entered Level 2 of a ziggurat
133062 | Zig:3    | Entered Level 3 of a ziggurat
133100 | Zig:4    | Entered Level 4 of a ziggurat
133117 | Zig:4    | Reached skill level 18 in Dodging
133127 | Zig:4    | Identified the Compendium of Attacks and the Volcanoes
133142 | Zig:5    | Entered Level 5 of a ziggurat
133180 | Zig:5    | Got a translucent hat
133181 | Zig:5    | Identified the +0 hat "Akittif" {Regen+} (You acquired it
                  | on level 5 of a ziggurat)
133198 | Zig:6    | Entered Level 6 of a ziggurat
133228 | Zig:6    | Found the ring of Phasing {EV+8}
133248 | Zig:6    | Got an encrusted hat
133259 | Zig:6    | Identified the cursed +0 hat of Patterns {MP+9 Dex+2} (You
                  | found it on level 6 of a ziggurat)
133359 | Zig:7    | Entered Level 7 of a ziggurat
133439 | Zig:7    | Identified a +0 pair of boots of running (You found it on
                  | level 7 of a ziggurat)
133462 | Zig:8    | Entered Level 8 of a ziggurat
133471 | Zig:8    | Found the cursed necklace of Bloodlust {*Rage +Rage MR++
                  | Int-3 Slay+6 *Curse}
133573 | Zig:9    | Entered Level 9 of a ziggurat
133665 | Zig:9    | Got a bound pewter ring
133666 | Zig:9    | Identified the ring of Qavul {*Slow rF+ Int+2 Dex+2 Stlth+}
                  | (You found it on level 9 of a ziggurat)
133748 | Zig:10   | Entered Level 10 of a ziggurat
133825 | Zig:10   | Identified the Incunabulum of Envenoming and Transmutation
133828 | Zig:10   | Got a sparkling glass ring
133843 | Zig:10   | Identified the ring "Imoi" {Wiz rPois rN++ Stlth-} (You
                  | found it on level 10 of a ziggurat)
133933 | Zig:11   | Entered Level 11 of a ziggurat
134053 | Zig:11   | Got a twitching brass ring
134061 | Zig:11   | Identified the +8 plate armour of Freedom {rElec rN+ MR-
                  | rCorr} (You found it on level 11 of a ziggurat)
134063 | Zig:11   | Got a serpentine turquoise ring
134064 | Zig:11   | Identified the ring "Etaidier" {*Tele Dex+2 SInv} (You
                  | found it on level 11 of a ziggurat)
134065 | Zig:11   | Identified the ring of the Moon {*Tele MP+9} (You found it
                  | on level 11 of a ziggurat)
134072 | Zig:11   | Identified the cursed +2 mace of Ruination {flame, *Drain
                  | rC++ MP+9} (You found it on level 11 of a ziggurat)
134092 | Zig:12   | Entered Level 12 of a ziggurat
134185 | Zig:12   | Got a transparent marble ring
134189 | Zig:12   | Identified the cursed ring of Lucidity {rN+ MP+9 Str-2
                  | Int-2} (You found it on level 12 of a ziggurat)
134209 | Zig:13   | Entered Level 13 of a ziggurat
134215 | Zig:13   | Noticed a juggernaut
134217 | Zig:13   | Noticed a juggernaut
134230 | Zig:13   | Killed a juggernaut
134234 | Zig:13   | Killed a juggernaut
134410 | Zig:14   | Entered Level 14 of a ziggurat
134649 | Zig:14   | Identified the ring "Ifanuch" {Dex+4 Stlth+} (You found it
                  | on level 14 of a ziggurat)
134656 | Zig:14   | Got a steaming platinum ring
134657 | Zig:14   | Identified the ring "Ochiv" {+Fly rN+ EV+1 Str+3 Dex-3}
                  | (You found it on level 14 of a ziggurat)
134678 | Zig:15   | Entered Level 15 of a ziggurat
134704 | Zig:15   | Found the ring of Robustness {AC+8}
134741 | Zig:15   | Found the +2 hat of the Bear Spirit {Spirit, +Rage rN+
                  | MR++}
134872 | Zig:16   | Entered Level 16 of a ziggurat
134890 | Zig:16   | Paralysed by accursed screaming for 1 turns
134893 | Zig:16   | Paralysed by accursed screaming for 2 turns
135143 | Zig:16   | Identified the Handbook of Vitriolic Ice
135342 | Zig:17   | Entered Level 17 of a ziggurat
135365 | Zig:17   | Noticed Ampow the pandemonium lord
135366 | Zig:17   | Noticed Xena the pandemonium lord
135366 | Zig:17   | Noticed Asue the pandemonium lord
135371 | Zig:17   | Noticed Lydd the pandemonium lord
135372 | Zig:17   | Noticed Keijeuwn the pandemonium lord
135374 | Zig:17   | Noticed Fujungak the pandemonium lord
135378 | Zig:17   | Killed Ampow the pandemonium lord
135382 | Zig:17   | Killed Xena the pandemonium lord
135383 | Zig:17   | Killed Fujungak the pandemonium lord
135389 | Zig:17   | Killed Asue the pandemonium lord
135389 | Zig:17   | Killed Keijeuwn the pandemonium lord
135403 | Zig:17   | Killed Lydd the pandemonium lord
135628 | Zig:17   | Identified the Grimoire of Glacial Flight
135650 | Zig:18   | Entered Level 18 of a ziggurat
135662 | Zig:18   | Noticed an ancient lich
135662 | Zig:18   | Noticed an ancient lich
135665 | Zig:18   | Noticed an ancient lich
135673 | Zig:18   | Killed an ancient lich
135679 | Zig:18   | Killed an ancient lich
135695 | Zig:18   | Killed an ancient lich
135887 | Zig:18   | Got a vibrating bone ring
135955 | Zig:18   | Identified the ring "Qoepn" {rC+ Int+4 Slay+6} (You found
                  | it on level 18 of a ziggurat)
135959 | Zig:19   | Entered Level 19 of a ziggurat
135980 | Zig:19   | Reached skill level 18 in Necromancy
135994 | Zig:19   | Reached skill level 27 in Fighting
136004 | Zig:19   | Found the +0 pair of fencer's gloves {+Riposte Dex+3}
136026 | Zig:19   | Identified the +1 plate armour "Ededaekk" {MR- Int+7} (You
                  | found it on level 19 of a ziggurat)
136028 | Zig:19   | Got a twitching iron ring
136029 | Zig:19   | Identified the ring "Koteh" {Ice Str+4 Int+4 Dex+4 Stlth+}
                  | (You found it on level 19 of a ziggurat)
136052 | Zig:19   | Identified the ring of Circularity {rPois MR- AC+3 Int+7}
                  | (You found it on level 19 of a ziggurat)
136156 | Zig:20   | Entered Level 20 of a ziggurat
136358 | Zig:20   | Identified Ecluib's Thorough Guide to Sorcery
136505 | Zig:21   | Entered Level 21 of a ziggurat
136514 | Zig:21   | Noticed an ancient lich
136521 | Zig:21   | Killed an ancient lich
136531 | Zig:21   | Noticed an ancient lich
136532 | Zig:21   | Noticed an ancient lich
136540 | Zig:21   | Killed an ancient lich
136554 | Zig:21   | Killed an ancient lich
136712 | Zig:21   | Found the +9 scales of the Dragon King {rPois rF+ rC+ MR+}
136784 | Zig:21   | Identified An Early Guide to Magic
136791 | Zig:21   | Got a fine wooden ring
136807 | Zig:21   | Identified the ring of the Everdark {rC+ Dex+2 Stlth+} (You
                  | found it on level 21 of a ziggurat)
136937 | Zig:22   | Entered Level 22 of a ziggurat
136947 | Zig:22   | Noticed Evivuu Leni the pandemonium lord
136952 | Zig:22   | Noticed Ruboah the pandemonium lord
136957 | Zig:22   | Noticed Luicwusm the pandemonium lord
136957 | Zig:22   | Noticed Lublych the pandemonium lord
136958 | Zig:22   | Noticed Ocoosifedd the pandemonium lord
136958 | Zig:22   | Noticed Liluf the pandemonium lord
136976 | Zig:22   | Killed Lublych the pandemonium lord
136979 | Zig:22   | Noticed Axzebyzu the pandemonium lord
136982 | Zig:22   | Noticed Ybbisk the pandemonium lord
136982 | Zig:22   | Noticed Qumelar the pandemonium lord
136982 | Zig:22   | Noticed Ynebio the pandemonium lord
136982 | Zig:22   | Noticed Jizos the pandemonium lord
136990 | Zig:22   | Killed Evivuu Leni the pandemonium lord
136997 | Zig:22   | Killed Axzebyzu the pandemonium lord
136999 | Zig:22   | Found the +0 Maxwell's etheric cage {RegenMP+ *Contam rElec
                  | MP+4}
137002 | Zig:22   | Noticed a juggernaut
137002 | Zig:22   | a Killer Klown changed into a juggernaut
137012 | Zig:22   | Killed Ynebio the pandemonium lord
137016 | Zig:22   | Killed Liluf the pandemonium lord
137016 | Zig:22   | Reached skill level 12 in Earth Magic
137028 | Zig:22   | Killed a juggernaut
137030 | Zig:22   | Killed Jizos the pandemonium lord
137032 | Zig:22   | Killed Luicwusm the pandemonium lord
137046 | Zig:22   | Killed Ocoosifedd the pandemonium lord
137079 | Zig:22   | Killed Qumelar the pandemonium lord
137081 | Zig:22   | Killed Ruboah the pandemonium lord
137092 | Zig:22   | Killed Ybbisk the pandemonium lord
137369 | Zig:22   | Got a brightly glowing garnet amulet
137386 | Zig:22   | Got a brightly glowing jade ring
137388 | Zig:22   | Identified the ring of Conformity {*Corrode +Fly rN+ Str+2}
                  | (You found it on level 22 of a ziggurat)
137389 | Zig:22   | Identified the amulet of Xygomoil {Reflect rElec Str+4
                  | Slay+2 SH+3 SInv} (You found it on level 22 of a ziggurat)
137390 | Zig:22   | Identified the amulet "Qovym" {Regen+ Int+5 Stlth+} (You
                  | found it on level 22 of a ziggurat)
137573 | Zig:23   | Entered Level 23 of a ziggurat
137588 | Zig:23   | Noticed an ancient lich
137589 | Zig:23   | Noticed an ancient lich
137604 | Zig:23   | Noticed an ancient lich
137605 | Zig:23   | Noticed an ancient lich
137609 | Zig:23   | Killed an ancient lich
137609 | Zig:23   | Killed an ancient lich
137618 | Zig:23   | Reached skill level 21 in Armour
137624 | Zig:23   | Reached skill level 21 in Dodging
137631 | Zig:23   | Found the +7 great mace "Firestarter" {inner flame, rF++}
137635 | Zig:23   | Found the +4 skin of Zhor {rC+++}
137640 | Zig:23   | Killed an ancient lich
137651 | Zig:23   | Killed an ancient lich
137694 | Zig:23   | Identified the Grimoire of Excruciating Evil Arts
137704 | Zig:23   | Identified the Grimoire of Attacks and Shape Shifting
137706 | Zig:23   | Identified Kanlogra's Volume of the Escort
137713 | Zig:23   | Got a steaming marble ring
137723 | Zig:23   | Identified the ring "Vutrui Qofiu" {Int+6 Stlth-} (You
                  | found it on level 23 of a ziggurat)
137724 | Zig:23   | Identified the +0 cloak of the Skies Above {+Blink} (You
                  | found it on level 23 of a ziggurat)
137745 | Zig:23   | Identified Eczir's Further Progress in Theurgy
137758 | Zig:23   | Identified the +1 great sword of Fortitude {venom, +Blink
                  | Dex+5} (You found it on level 23 of a ziggurat)
137856 | Zig:24   | Entered Level 24 of a ziggurat
137899 | Zig:24   | Reached skill level 9 in Crossbows
138135 | Zig:24   | Got a translucent turquoise ring
138136 | Zig:24   | Identified the ring "Yqoig" {rN+ Int+4 Dex+2} (You found it
                  | on level 24 of a ziggurat)
138149 | Zig:24   | Got a flickering ruby amulet
138150 | Zig:24   | Identified the amulet of Myiravom {Acrobat rElec rF+ MR+}
                  | (You found it on level 24 of a ziggurat)
138160 | Zig:25   | Entered Level 25 of a ziggurat
138286 | Zig:25   | Identified the Collected Works on Captivating Necromancy
138290 | Zig:25   | Got a bloodstained hand crossbow
138291 | Zig:25   | Identified the +11 hand crossbow of Kecaes {venom, rC+}
                  | (You found it on level 25 of a ziggurat)
138315 | Zig:25   | Got a glittering pewter amulet
138459 | Zig:26   | Entered Level 26 of a ziggurat
138835 | Zig:26   | Got a heavily runed bronze ring
138916 | Zig:26   | Identified the +1 leather armour of Birdsong {Stlth+} (You
                  | found it on level 26 of a ziggurat)
138918 | Zig:26   | Identified the amulet of Muahilun {Spirit *Contam Str+2
                  | Int+6} (You found it on level 25 of a ziggurat)
138923 | Zig:27   | Entered Level 27 of a ziggurat
138961 | Zig:27   | Noticed Feovimn the pandemonium lord
138992 | Zig:27   | Killed Feovimn the pandemonium lord
138992 | Zig:27   | Reached skill level 27 in Evocations
139129 | Zig:27   | Got a scintillating steel ring
139138 | Zig:27   | Got a jewelled large shield
139138 | Zig:27   | Got a shimmering large shield
139150 | Zig:27   | Identified the +0 large shield "Qaaxu" {rF+ Str+4} (You
                  | acquired it on level 27 of a ziggurat)
139160 | Zig:27   | Identified the +0 large shield of Instinct {Regen+} (You
                  | acquired it on level 27 of a ziggurat)
139186 | Zig:27   | Identified the Collected Works on Glacial Dark Magic
139188 | Zig:27   | Identified the ring "Varautoi" {*Tele rPois rC+} (You found
                  | it on level 26 of a ziggurat)
139193 | Zig:27   | Identified the ring of Egomania {Wiz Int+4} (You found it
                  | on level 27 of a ziggurat)
139214 | Zig:27   | Got a transparent mace
139571 | Depths:1 | Bought a wand of acid (4) for 352 gold pieces
139571 | Depths:1 | Bought a wand of clouds (4) for 528 gold pieces
139681 | Pan      | Entered Pandemonium
139952 | Pan      | Got a translucent steel ring
139976 | Pan      | Noticed Xuixemul the pandemonium lord
139982 | Pan      | Found an exit through the horrors of the Abyss.
140006 | Pan      | Killed Xuixemul the pandemonium lord
140042 | Pan      | Got a demonic rune of Zot
141152 | Pan      | Entered the realm of Gloorx Vloq.
141681 | Pan      | Found an exit through the horrors of the Abyss.
142066 | Pan      | Noticed Gloorx Vloq
142088 | Pan      | Killed Gloorx Vloq
142225 | Pan      | Got a dark rune of Zot
142380 | Pan      | Noticed Kuetsy the pandemonium lord
142397 | Pan      | Killed Kuetsy the pandemonium lord
142857 | Pan      | Reached skill level 15 in Translocations
143061 | Pan      | Identified the +1 helmet of Defiance {rC+ MP+9 Dex+3} (You
                  | found it in Pandemonium)
143146 | Pan      | Found an exit through the horrors of the Abyss.
143880 | Pan      | Noticed Wiegoor the pandemonium lord
143897 | Pan      | Killed Wiegoor the pandemonium lord
144079 | Pan      | Reached skill level 12 in Crossbows
144147 | Pan      | Entered the realm of Mnoleg.
144477 | Pan      | Noticed Mnoleg
144501 | Pan      | Killed Mnoleg
144668 | Pan      | Got a glowing rune of Zot
144743 | Pan      | Noticed Umir the pandemonium lord
144750 | Pan      | Found an exit through the horrors of the Abyss.
144932 | Pan      | Entered the realm of Lom Lobon.
145438 | Pan      | Noticed Lom Lobon
145463 | Pan      | Killed Lom Lobon
145550 | Pan      | Got a magical rune of Zot
146088 | Pan      | Found an exit through the horrors of the Abyss.
146137 | Pan      | Noticed Mezuziun the pandemonium lord
146155 | Pan      | Killed Mezuziun the pandemonium lord
147057 | Pan      | Got a brightly glowing wooden ring
147107 | Pan      | Reached skill level 18 in Maces & Flails
147178 | Pan      | Found a runed door.
147201 | Pan      | Found a runed door.
147293 | Pan      | Found an exit through the horrors of the Abyss.
147370 | Pan      | Entered the realm of Cerebov.
147581 | Pan      | Found an exit through the horrors of the Abyss.
148067 | Pan      | Noticed Cerebov
148130 | Pan      | Killed Cerebov
148144 | Pan      | Identified the +5 lajatang "Qottecre" {slice, Dex+3} (You
                  | found it in Pandemonium)
148246 | Pan      | Identified the cursed -4 pair of boots of Qusao {rElec rF++
                  | rC- Slay+2} (You found it in Pandemonium)
148307 | Pan      | Identified the ring of the Solstice {Fire rPois} (You took
                  | it off a gelid demonspawn in Pandemonium)
148308 | Pan      | Identified the ring "Dusaidd" {rPois MR+ Stlth+} (You took
                  | it off a monstrous demonspawn in Pandemonium)
148341 | Pan      | Got a warped granite ring
148342 | Pan      | Identified the ring "Haofew" {Int+4 Stlth+} (You found it
                  | in Pandemonium)
148410 | Pan      | Got a fiery rune of Zot
148517 | Pan      | Took an exit into the Abyss.
148517 | Abyss:1  | Escaped into the Abyss
148519 | Abyss:1  | Found a corrupted altar of Lugonu.
148526 | Abyss:1  | Noticed an ancient lich
148538 | Abyss:1  | Found a corrupted altar of Lugonu.
148546 | Abyss:1  | Killed an ancient lich
148574 | Depths:3 | Escaped the Abyss
148848 | Zot:3    | Killed an orb of fire
149180 | Zot:3    | Identified the cursed +3 falchion "Leviticus" {pain,
                  | *Corrode MP+9 Int+3 Dex+3} (You found it on level 3 of the
                  | Realm of Zot)
149344 | Zot:3    | You fall through a shaft!
149584 | Zot:4    | Identified the cursed +1 mace "Embalmer" {venom, rElec
                  | rPois Dex+3} (You found it on level 4 of the Realm of Zot)
149774 | Zot:4    | Got a slimy copper ring
149775 | Zot:4    | Identified the ring "Rewuc" {rPois Dex+3} (You found it on
                  | level 4 of the Realm of Zot)
149983 | Zot:5    | Entered Level 5 of the Realm of Zot
150304 | Zot:5    | Noticed an ancient lich
150334 | Zot:5    | Killed an ancient lich
150334 | Zot:5    | Reached skill level 24 in Armour
150507 | Zot:5    | Noticed an orb of fire
150523 | Zot:5    | Killed an orb of fire
150536 | Zot:5    | Noticed an orb of fire
150539 | Zot:5    | Noticed an ancient lich
150548 | Zot:5    | Killed an ancient lich
150562 | Zot:5    | Killed an orb of fire
150608 | Zot:5    | Noticed an orb of fire
150616 | Zot:5    | Noticed an ancient lich
150618 | Zot:5    | Noticed an ancient lich
150634 | Zot:5    | Noticed an orb of fire
150646 | Zot:5    | Killed an ancient lich
150653 | Zot:5    | Noticed an ancient lich
150654 | Zot:5    | Killed an ancient lich
150660 | Zot:5    | Killed an ancient lich
150667 | Zot:5    | Killed an orb of fire
150685 | Zot:5    | Killed an ancient lich
150701 | Zot:5    | Got the Orb of Zot
150721 | Zot:5    | Noticed an ancient lich
150729 | Zot:5    | Killed an ancient lich
150740 | Zot:5    | Noticed Sonoo the pandemonium lord
150753 | Zot:5    | Killed Sonoo the pandemonium lord
150765 | Zot:5    | Noticed Qidew the pandemonium lord
150765 | Zot:5    | Killed an orb of fire
150780 | Zot:5    | Killed Qidew the pandemonium lord
150939 | Depths:5 | Noticed Arebadghi the pandemonium lord
151022 | Depths:2 | Noticed Ludatuos the pandemonium lord
151053 | Depths:2 | Killed Ludatuos the pandemonium lord
151062 | Depths:2 | Noticed Motoriv the pandemonium lord
151072 | Depths:2 | Killed Motoriv the pandemonium lord
151427 | D:$      | Escaped with the Orb!

Skill      XL: |  1  2  3  4  5  6  7  8  9 10 11 12 13 14 15 16 17 18 19 20 21 22 23 24 25 26 27 |
---------------+----------------------------------------------------------------------------------+-----
Spellcasting   | 3 4 |  4.0
Crossbows      | 1 2 3 4 5 6 12 | 12.0
Charms         | 1 |  1.1
Fighting       | 2 3 4 7 9 10 12 13 15 16 18 19 20 22 27 | 27.0
Shields        | 1 2 4 5 6 8 9 11 13 14 15 25 | 25.0
Maces & Flails | 2 4 7 10 12 13 20 | 20.0
Evocations     | 5 6 8 9 10 11 12 15 17 18 27 | 27.0
Armour         | 4 6 8 9 10 11 12 13 14 15 16 25 | 25.2
Translocations | 4 6 8 10 15 | 15.0
Dodging        | 2 5 6 8 9 10 14 22 | 22.1
Necromancy     | 4 8 11 12 13 14 20 | 20.0
Earth Magic    | 6 8 9 14 | 14.0
Summonings     | 1 |  1.0
Axes           | |  1.0
Throwing       | |  1.0
Ice Magic      | |  1.0

Action                   |  1- 3 |  4- 6 |  7- 9 | 10-12 | 13-15 | 16-18 | 19-21 | 22-24 | 25-27 || total
-------------------------+-------+-------+-------+-------+-------+-------+-------+-------+-------++-------
Melee: Spear             |    32 |    59 |       |       |       |       |       |       |       ||    91
       Trident           |       |   127 |   259 |       |       |       |       |       |       ||   386
       Whip              |       |       |   232 |   982 |  2138 |  2306 |  2488 |  1873 |  7234 || 17253
       Demon whip        |       |       |       |       |       |       |       |       |  4960 ||  4960
 Fire: Hand crossbow     |    46 |    96 |   144 |    82 |   169 |   133 |    12 |    26 |   103 ||   811
Throw: Throwing net      |       |       |       |       |     2 |       |       |       |     6 ||     8
 Cast: Infusion          |     3 |       |       |       |       |       |       |       |       ||     3
       Borgnjor's Vile C |       |       |       |       |       |       |    81 |   227 |  1449 ||  1757
       Blink             |       |       |       |       |       |       |     5 |     1 |    24 ||    30
       Passage of Golubr |       |       |       |       |       |       |     1 |       |    49 ||    50
       Dispel Undead     |       |       |       |       |       |       |       |       |    62 ||    62
       Swiftness         |       |       |       |       |       |       |       |       |    28 ||    28
       Passwall          |       |       |       |       |       |       |       |       |    18 ||    18
       Lesser Beckoning  |       |       |       |       |       |       |       |       |     9 ||     9
       Summon Butterflie |       |       |       |       |       |       |       |       |     1 ||     1
Invok: Potion Petition   |       |       |     1 |       |     2 |       |       |     4 |    53 ||    60
       Call Merchant     |       |       |       |       |       |     1 |       |     2 |     8 ||    11
       Bribe Branch      |       |       |       |       |       |       |       |     1 |     1 ||     2
 Abil: Evoke Blink       |       |       |       |       |       |     1 |       |     1 |     1 ||     3
       Evoke Flight      |       |       |       |       |       |       |       |       |    13 ||    13
Evoke: Wand              |       |     2 |     1 |    53 |    85 |    94 |    46 |    57 |   181 ||   519
       Lightning rod     |       |       |       |       |    16 |    22 |     9 |       |    40 ||    87
       Lamp of fire      |       |       |       |       |     4 |     5 |     4 |     1 |    33 ||    47
       Box of beasts     |       |       |       |       |       |     1 |       |       |    52 ||    53
       Sack of spiders   |       |       |       |       |       |       |       |     3 |    49 ||    52
       Staff of Wucad Mu |       |       |       |       |       |       |       |       |    68 ||    68
       Phantom mirror    |       |       |       |       |       |       |       |       |     6 ||     6
  Use: Scroll            |       |       |     9 |     5 |    15 |    13 |     9 |    21 |   154 ||   226
 Stab: Distracted        |       |       |     1 |     5 |     7 |    11 |     5 |     9 |   126 ||   164
       Paralysed         |       |       |       |    51 |    52 |    57 |    20 |    87 |     8 ||   275
       Petrified         |       |       |       |       |     2 |     9 |       |       |       ||    11
       Petrifying        |       |       |       |       |       |     1 |       |       |       ||     1
       Confused          |       |       |       |       |       |       |       |     2 |     5 ||     7
       Invisible         |       |       |       |       |       |       |       |     1 |    12 ||    13
       Held in net/web   |       |       |       |       |       |       |       |       |     8 ||     8
       Sleeping          |       |       |       |       |       |       |       |       |     1 ||     1
Armor: Scale mail        |    16 |   120 |   358 |   315 |   212 |       |       |       |       ||  1021
       Chain mail        |       |       |       |       |   355 |   498 |   335 |   133 |    19 ||  1340
       Ring mail         |       |       |       |       |       |       |   159 |   310 |  2595 ||  3064
       Gold dragon scale |       |       |       |       |       |       |       |       |   388 ||   388
Dodge: Dodged            |    27 |    84 |   201 |   192 |   306 |   323 |   504 |   478 |  3303 ||  5418
Block: Shield            |       |    34 |   299 |   397 |   976 |  1229 |  1220 |   943 |  3749 ||  8847
       Reflection        |       |       |       |       |    96 |   191 |    62 |    61 |   181 ||   591
       Large shield      |       |       |       |       |       |       |       |       |  8116 ||  8116
